Workbook
Name \0: #REF!
Name \0: #REF!
Name \0: #REF!
Name \00: #REF!
Name \00: #REF!
Name \00: #REF!
Name \a: #REF!
Name \a: #REF!
Name \a: #REF!
Name \a: #REF!
Name \AA: [1]LIQUIDACION!#REF!
Name \AA: [1]LIQUIDACION!#REF!
Name \AA: [1]LIQUIDACION!#REF!
Name \b: [2]STRSUMM0!#REF!
Name \b: [2]STRSUMM0!#REF!
Name \b: [2]STRSUMM0!#REF!
Name \bb: [2]STRSUMM0!#REF!
Name \bb: [2]STRSUMM0!#REF!
Name \bb: [2]STRSUMM0!#REF!
Name \E: #REF!
Name \E: #REF!
Name \E: #REF!
Name \EE: #REF!
Name \EE: #REF!
Name \EE: #REF!
Name \G: #REF!
Name \G: #REF!
Name \G: #REF!
Name \k: '[3]7422CW00'!#REF!
Name \k: '[3]7422CW00'!#REF!
Name \k: '[3]7422CW00'!#REF!
Name \l: [4]STRSUMM0!#REF!
Name \l: [4]STRSUMM0!#REF!
Name \l: [4]STRSUMM0!#REF!
Name \M: #REF!
Name \M: #REF!
Name \M: #REF!
Name \ñ: '[5]7422CW00'!#REF!
Name \ñ: '[5]7422CW00'!#REF!
Name \ñ: '[5]7422CW00'!#REF!
Name \P: #REF!
Name \P: #REF!
Name \P: #REF!
Name \R: #REF!
Name \R: #REF!
Name \R: #REF!
Name \s: #REF!
Name \s: #REF!
Name \s: #REF!
Name \s: #REF!
Name \V: #REF!
Name \V: #REF!
Name \V: #REF!
Name \X: 'APU-2'!ERR
Name \X: [0]!ERR
Name \Z: 'APU-2'!ERR
Name \Z: [0]!ERR
Name _________AFC1: [6]INV!$A$25:$D$28
Name _________AFC3: [6]INV!$F$25:$I$28
Name _________AFC5: [6]INV!$K$25:$N$28

Sheet PRESUPUESTO OFICIAL (Entidad)
B1: Formulario 1 - Propuesta económica - Documento tipo de selección abreviada de menor cuantía - versión 1
B2: Versión: 1 del 21 de agosto de 2025
C5: FORMULARIO 1
C6: PRESUPUESTO OFICIAL
C7: [La entidad puede utilizar este formulario de detalle del presupuesto oficial para determinar las condiciones bajo las cuales los proponentes analizarán y presentarán su propuesta económica de forma detallada, sin perjuicio que la entidad pueda modificarlo o establecer la presentación de la oferta económica con un formulario distinto al indicado.]
C9: Adicionalmente, cuando el proceso de contratación es estructurado por precios unitarios, la Entidad debe aplicar las notas 1, 2 y 3 del presente formulario y las casillas de "Descripción", "Porcentaje" de la Administración, Imprevisto, Utilidad y total A.I.U. resaltadas en colo amarillo. Tratándose de otras modalidades de precio, la Entidad puede o no configurar los mismos aspectos.
C10: ADECUACIÓN DE ESCENARIOS DEPORTIVOS DEL CASCO URBANO Y CENTROS POBLADOS DEL MUNICIPIO DE SABANALARGA, DEPARTAMENTO DE CASANARE
C11: Nº | D11: ITEM DE PAGO | E11: ESPECIFICACIONES | G11: DESCRIPCION | H11: UND. | I11: CANTIDAD | J11: VALOR UNITARIO | K11: VALOR TOTAL
E12: GENERAL | F12: PARTICULAR
C13: 1-POLIDEPORTIVO - EL SECRETO
C14: 1. DESMONTE Y DEMOLICIONES
D15: 1.1 | E15: 6641 | G15: =+'APU-1'!C24 -> Desmonte malla contra impactos, con acarreo | H15: =+'APU-1'!L24 -> M2 | I15: =+'MEMORIAS-1'!L19 -> 181 | J15: =+'APU-1'!$N$69 -> 7385 | K15: =I15*J15 -> 1336685
D16: 1.2 | E16: 5323 | G16: =+'APU-1'!C103 -> Demolicion de estructura a nivel en concreto reforzado, con retiro | H16: =+'APU-1'!L103 -> M3 | I16: =+'MEMORIAS-1'!L45 -> 0.18 | J16: =+'APU-1'!N148 -> 364760 | K16: =I16*J16 -> 65656.8
C17: Subtotal | K17: =ROUND(SUM(K15:K16),0) -> 1402342 | O17: =K17+K23+K34+K38+P19 -> 77854650
C18: 2. PRELIMINARES
D19: 2.1 | E19: 5343 | G19: =+'APU-1'!C182 -> Replanteo y localización para Arquitectura, sobre terreno | H19: =+'APU-1'!L182 -> M2 | I19: =+'MEMORIAS-1'!L73 -> 104.15 | J19: =+'APU-1'!N227 -> 17525 | K19: =I19*J19 -> 1825228.8
D20: 2.2 | E20: 324 | G20: =+'APU-1'!C261 -> Excavacion manual en material comun | H20: =+'APU-1'!L340 -> M3 | I20: =+'MEMORIAS-1'!L100 -> 21.03 | J20: =+'APU-1'!$N$306 -> 85534 | K20: =I20*J20 -> 1798780
D21: 2.3 | E21: 915 | G21: =+'APU-1'!C340 -> Relleno con base granular seleccionada o clasificada, compactada y transportada | H21: M3 | I21: =+'MEMORIAS-1'!L127 -> 8.72 | J21: =+'APU-1'!$N$385 -> 149257 | K21: =I21*J21 -> 1301521
D22: 2.4 | E22: 7392 | G22: =+'APU-1'!C419 -> Canaleta en lamina galvanizada cal. 22 Au = 0.60 pintado con wash primer y esmalte | H22: =+'APU-1'!L419 -> ML | I22: =+'MEMORIAS-1'!L158 -> 37 | J22: =+'APU-1'!$N$467 -> 224212 | K22: =I22*J22 -> 8295844
C23: Subtotal | K23: =ROUND(SUM(K19:K22),0) -> 13221374
C24: 3. ESTRUCTURAS EN CONCRETO Y MURO
D25: 3.1 | E25: 6189 | G25: =+'APU-1'!C501 -> Concreto para solado resistencia 175 kg/cm2 -2500 PSI | H25: =+'APU-1'!L501 -> M3 | I25: =+'MEMORIAS-1'!L186 -> 0.52 | J25: =+'APU-1'!N546 -> 895665 | K25: =I25*J25 -> 465745.8
D26: 3.2 | E26: 361 | G26: =+'APU-1'!C580 -> Zapata en concreto para cimentacion de resistencia 3500 Psi | H26: =+'APU-1'!L580 -> M3 | I26: =+'MEMORIAS-1'!L214 -> 0.54 | J26: =+'APU-1'!N626 -> 1443734 | K26: =I26*J26 -> 779616.36
D27: 3.3 | E27: 332 | G27: =+'APU-1'!$C$660 -> Viga de amarre para cimentación en concreto de 3500 Psi | H27: =+'APU-1'!$L$660 -> M3 | I27: =+'MEMORIAS-1'!L244 -> 2.19 | J27: =+'APU-1'!N706 -> 1424373 | K27: =I27*J27 -> 3119376.9
D28: 3.4 | E28: 7790 | G28: =+'APU-1'!C740 -> Columna en concreto de resistencia 3500 psi | H28: =+'APU-1'!L740 -> M3 | I28: =+'MEMORIAS-1'!L275 -> 0.75 | J28: =+'APU-1'!N786 -> 1723518 | K28: =I28*J28 -> 1292638.5
D29: 3.5 | E29: 5067 | G29: =+'APU-1'!C820 -> Acero de Refuerzo Grado 60 | H29: =+'APU-1'!L820 -> KG | I29: =+'MEMORIAS-1'!L303 -> 393.1 | J29: =+'APU-1'!N865 -> 10255 | K29: =I29*J29 -> 4031240.5
D30: 3.6 | E30: 4969 | G30: =+'APU-1'!C899 -> Pedestal en concreto de 3000 PSI | H30: =+'APU-1'!L899 -> M3 | I30: =+'MEMORIAS-1'!L332 -> 0.56 | J30: =+'APU-1'!N945 -> 1111593 | K30: =I30*J30 -> 622492.08
D31: 3.7 | E31: 5899 | G31: =+'APU-1'!C979 -> Placa base en concreto 3000 psi e=0.10 m reforzada con malla Q-5 de 6 mm | H31: =+'APU-1'!L979 -> M2 | I31: =+'MEMORIAS-1'!L363 -> 81.34 | J31: =+'APU-1'!N1024 -> 168296 | K31: =I31*J31 -> 13689197
D32: 3.8 | E32: 7050 | G32: =+'APU-1'!C1058 -> Muro en ladrillo rejilla 0.12 m (12 x 24 x 6) fachada | H32: =+'APU-1'!L1058 -> M2 | I32: =+'MEMORIAS-1'!L392 -> 33 | J32: =+'APU-1'!N1103 -> 221644 | K32: =I32*J32 -> 7314252
D33: 3.9 | E33: 318 | G33: =+'APU-1'!C1137 -> Desmonte y montaje de Màquina gimnasio aire libre | H33: =+'APU-1'!L1137 -> UND | I33: =+'MEMORIAS-1'!L422 -> 4 | J33: =+'APU-1'!N1182 -> 184115 | K33: =I33*J33 -> 736460
C34: Subtotal | K34: =ROUND(SUM(K25:K33),0) -> 32051019
C35: 4. CARPINTERIA METALICA
D36: 4.1 | E36: 6147 | G36: =+'APU-1'!C1216 -> Desmonte y reinstalación de Malla eslabonada cal 10*2", con platina 1/8" x 1/2" para fijación. Suministro e instalación | H36: =+'APU-1'!L1216 -> M2 | I36: =+'MEMORIAS-1'!L450 -> 144.8 | J36: =+'APU-1'!N1267 -> 200474 | K36: =I36*J36 -> 29028635
D37: 4.2 | E37: 5272 | G37: =+'APU-1'!C1301 -> Demonte y reinstalación de Tubo cerramiento galvanizado 2 1/2" *1.9 mm Incluye pintura . | H37: =+'APU-1'!L1301 -> ML | I37: =+'MEMORIAS-1'!L479 -> 80 | J37: =+'APU-1'!N1346 -> 26891 | K37: =I37*J37 -> 2151280
C38: Subtotal | K38: =ROUND(SUM(K36:K37),0) -> 31179915
C39: 5. PINTURA
D40: 5.1 | E40: 1001 | G40: =+'APU-1'!C1380 -> Pintura en esmalte sobre malla de cerramiento | H40: =+'APU-1'!L1380 -> M2 | I40: =+'MEMORIAS-1'!L508 -> 144.8 | J40: =+'APU-1'!N1425 -> 38516 | K40: =I40*J40 -> 5577116.8
D41: 5.2 | E41: 8252 | G41: =+'APU-1'!C1459 -> Pintura en esmalte para estructura metalica existente tipo: correas, cerchas, laminas y angulos, alto 250 -1000 mm y Ancho 150-250 mm, 2 manos | H41: =+'APU-1'!L1459 -> ML | I41: =+'MEMORIAS-1'!L537 -> 17.84 | J41: =+'APU-1'!N1504 -> 47346 | K41: =I41*J41 -> 844652.64
D42: 5.3 | E42: 6157 | G42: =+'APU-1'!C1538 -> Pintura gris basalto para estructura de concreto | H42: =+'APU-1'!L1538 -> M2 | I42: =+'MEMORIAS-1'!L567 -> 7.2 | J42: =+'APU-1'!N1583 -> 27175 | K42: =I42*J42 -> 195660
D43: 5.4 | E43: 2295 | G43: =+'APU-1'!C1617 -> Pintura tuberia de 4" a 6", anticorrosivo + esmalte sintetico. (2 manos c/u) | H43: =+'APU-1'!L1617 -> ML | I43: =+'MEMORIAS-1'!L596 -> 14 | J43: =+'APU-1'!N1661 -> 32189 | K43: =I43*J43 -> 450646
D44: 5.5 | E44: 7437 | G44: =+'APU-1'!C1695 -> Pintura tuberia de 2" a 3", anticorrosivo + esmalte sintetico. (2 manos c/u) | H44: =+'APU-1'!L1695 -> ML | I44: =+'MEMORIAS-1'!L625 -> 27 | J44: =+'APU-1'!N1740 -> 21377 | K44: =I44*J44 -> 577179
C45: Subtotal | K45: =ROUND(SUM(K40:K44),0) -> 7645254
C46: 2-CANCHA SINTÈTICA - EL MIRADOR DEL UPIA
C47: 6. MALLA CERRAMIENTO
D48: 6.1 | E48: 7984 | G48: =+'APU-2'!D24 -> Malla para cerramiento lateral cancha calibre No 5, hueco 13 cm, 100% nylon. Suministro e Instal | H48: =+'APU-2'!M24 -> M2 | I48: =+'MEMORIAS-2'!L24 -> 1428 | J48: =+'APU-2'!$O$69 -> 18229 | K48: =I48*J48 -> 26031012
D49: 6.2 | E49: 7985 | G49: =+'APU-2'!D103 -> Malla para cerramiento techo calibre No 3, hueco 13 cm, 100% nylon. Suministro e Instal. | H49: =+'APU-2'!M103 -> M2 | I49: =+'MEMORIAS-2'!L59 -> 1247.4 | J49: =+'APU-2'!$O$148 -> 14286 | K49: =I49*J49 -> 17820356
D50: 6.3 | G50: =+'APU-2'!D182 -> Tela laminada o sintética -ancho 1.2ml | H50: =+'APU-2'!M182 -> M2 | I50: =+'MEMORIAS-2'!L94 -> 60.28 | J50: =+'APU-2'!O227 -> 14074 | K50: =I50*J50 -> 848380.72
D51: 6.4 | E51: 294 | G51: =+'APU-2'!D260 -> Cable guaya en acero galvanizado | H51: =+'APU-2'!M260 -> ML | I51: =+'MEMORIAS-2'!L129 -> 122.22 | J51: =+'APU-2'!O305 -> 15059 | K51: =I51*J51 -> 1840511
D52: 6.5 | E52: 7664 | G52: =+'APU-2'!D336 -> Luminaria de 64 leds, 70-250W, 7500-25200lm | H52: =+'APU-2'!M336 -> UND | I52: =+'MEMORIAS-2'!L164 -> 4 | J52: =+'APU-2'!O381 -> 2814494 | K52: =I52*J52 -> 11257976
C53: Subtotal | K53: =ROUND(SUM(K48:K52),0) -> 57798236
C54: POLIDEPORTIVO CUBIERTO -AGUACLARA
C55: 7. CARPINTERIA METÁLICA
C56: 1 | D56: 7.1 | E56: 6090 | G56: =+'APU-3'!D24 -> Baranda en tubo galvanizado de 2", cal 1.5 mm | H56: =+'APU-3'!M24 -> ML | I56: =+'MEMORIAS-3'!L24 -> 6 | J56: =+'APU-3'!O73 -> 383367.7 | K56: =I56*J56 -> 2300206.2
C57: Subtotal | K57: =ROUND(SUM(K56:K56),0) -> 2300206
C58: 8.ILUMINACIÓN
D59: 8.1 | G59: =+'APU-3'!D104 -> Tuberia metalica tipo conduit EMT 3/4" incluye accesorios de montaje y elementos de fijacion. Suministro e instalacion | H59: =+'APU-3'!M104 -> ML | I59: =+'MEMORIAS-3'!L59 -> 88 | J59: =+'APU-3'!O149 -> 37329 | K59: =I59*J59 -> 3284952
D60: 8.2 | E60: 7565 | G60: =+'APU-3'!D180 -> Acometida en cable de cobre aislado m 29,766.00 2x8+1x10T AWG THHN/THWN-2 600 V 90°C. Suministro e instalacion | H60: =+'APU-3'!M180 -> ML | I60: =+'MEMORIAS-3'!L94 -> 110 | J60: =+'APU-3'!O225 -> 39894 | K60: =I60*J60 -> 4388340
D61: 8.3 | G61: =+'APU-3'!D256 -> Coraza tipo americana Liquid Tight 3/4" - recubierta PVC | H61: =+'APU-3'!M256 -> ML | I61: =+'MEMORIAS-3'!L129 -> 8 | J61: =+'APU-3'!O301 -> 29258 | K61: =I61*J61 -> 234064
D62: 8.4 | E62: 7644 | G62: =+'APU-3'!D332 -> Caja de paso metálica de 10 cm x 10 cm, tipo pesado de aluminio para la iluminación. Suministro y montaje | H62: =+'APU-3'!M332 -> UND | I62: =+'MEMORIAS-3'!L164 -> 5 | J62: =+'APU-3'!O377 -> 62464 | K62: =I62*J62 -> 312320
D63: 8.5 | E63: 7634 | G63: =+'APU-3'!D408 -> Luminaria tipo led hermética IP65, 2x18W, 3200 lm incluye: cable encauchetado 3x16 AWG, clavija de caucho y elementos de fijación. Suministro e instalacion | H63: =+'APU-3'!M408 -> UND | I63: =+'MEMORIAS-3'!L199 -> 7 | J63: =+'APU-3'!$O$454 -> 195265 | K63: =I63*J63 -> 1366855
D64: 8.6 | E64: 7639 | G64: Salida para iluminacion, en tubería metálica tipo conduit EMT 1/2". Incluye: caja metálica semipesada 5800, accesorios de montaje, cable de cobre 3x12 AWG-THHN, Toma monofásica doble con polo a tierra 5A con tapa. | H64: UND | I64: =+'MEMORIAS-3'!L234 -> 7 | J64: =+'APU-3'!O536 -> 9420 | K64: =I64*J64 -> 65940
C65: Subtotal | K65: =ROUND(SUM(K59:K64),0) -> 9652471
C66: SUBTOTAL OBRAS | K66: =K17+K23+K34+K38+K45+K53+K57+K65 -> 155250817
C69: Elaboró: | H69: Revisó y Aprobó:
D71: FRANCISCO EFRAIN TUAY JARAMILLO | I71: MONICA YULIETH RODRIGUEZ TORRES
D72: Profesional de Apoyo S.P.O.P. | I72: Secretario de Planeacion y obras Publicas

Sheet AIU
D2: REPÚBLICA DE COLOMBIA
D3: DEPARTAMENTO DE CASANARE
D4: ALCALDÍA MUNICIPAL DE SABANALARGA
D5: ANEXO - ANALISIS DE AIU
D6: =+'PRESUPUESTO OFICIAL (Entidad)'!C10 -> ADECUACIÓN DE ESCENARIOS DEPORTIVOS DEL CASCO URBANO Y CENTROS POBLADOS DEL MUNICIPIO DE SABANALARGA, DEPARTAMENTO DE CASANARE
C8: Valor estimado del costo directo | G8: =+G9/1.34 -> 1.1585882e+08
C9: Valor estimado total presupuesto de obra | G9: =+'PRESUPUESTO OFICIAL (Entidad)'!K66 -> 155250817
C10: Plazo de ejecución estimado (mes) | G10: 1
B12: CAPITULO | C12: TIPO DE GASTO | F12: UND | G12: CANT | H12: DEDICACIÓN | I12: SALARIO MENSUAL | J12: FACTOR PRESTACIONAL | K12: TIEMPO | L12: VALOR PARCIAL | M12: TOTAL | N12: % sobre C.D.
B13: 1 | C13: GASTOS GENERALES | M13: =+L15+L16 -> 5659226.2 | N13: =M13/G8 -> 0.048845882
B14: 1.1 | C14: PERSONAL
C15: Residente de obra | F15: un | G15: 1 | H15: 1 | I15: 2700000 | J15: 0.5828 | K15: =+G10 -> 1 | L15: =+G15*H15*I15*(1+J15)*K15 -> 4273560
C16: Técnico SST | F16: un | G16: 1 | H16: 0.5 | I16: 1750905 | J16: 0.5828 | K16: =+G10 -> 1 | L16: =+G16*H16*I16*(1+J16)*K16 -> 1385666.2
B17: 2 | C17: GASTOS INDIRECTOS
B18: 2.1 | C18: POLIZAS (% calculados sobre el valor total del contrato) | M18: =+ROUND(L20+L21+L19+L22+L23,0) -> 636528 | N18: =+M18/G8 -> 0.005493997
C19: Seriedad de la propuesta | F19: un | G19: 1 | H19: 0.0004 | L19: =+G9*H19 -> 62100.327
C20: Cumplimiento | F20: un | G20: 1 | H20: 0.0002 | L20: =+G9*H20 -> 31050.163
C21: Estabilidad y calidad de la obra | F21: un | G21: 1 | H21: 0.002 | L21: =+G9*H21 -> 310501.63
C22: Responsabilidad civil extracontractual | F22: un | G22: 1 | H22: 0.0012 | L22: =+G9*H22 -> 186300.98
C23: Salarios y prestaciones sociales | F23: un | G23: 1 | H23: 0.0003 | L23: =+G9*H23 -> 46575.245
B24: 2.2 | C24: INSTALACIONES PROVISIONALES, TRANSPORTES Y GASTOS DE OFICINA | M24: =+ROUND(L26+L27+L25,0) -> 2500000 | N24: =+M24/$G$8 -> 0.021577986
C25: Gastos de papeleria e informes (empastes, copias, impresiones, planos, registro fotografico, videos) | F25: un | G25: 1 | H25: =I25/$G$9 -> 0.0064411899 | I25: 1000000 | K25: =G10 -> 1 | L25: =+G25*I25*K25 -> 1000000
C26: Gastos de Oficina (arriendos, servicios publicos, comunicaciones) | F26: un | G26: 1 | H26: =I26/$G$9 -> 0.003864714 | I26: 600000 | K26: =+G10 -> 1 | L26: =+G26*I26*K26 -> 600000
C27: Sistema de Seguridad Industrial/Dotación | F27: un | G27: 1 | H27: =I27/$G$9 -> 0.0057970709 | I27: 900000 | K27: =G10 -> 1 | L27: =+I27*K27*G27 -> 900000
B28: 2.3 | C28: IMPUESTOS, TASAS Y CONTRIBUCIONES (% calculados sobre el valor del contrato) | M28: =+ROUND(L30+L31+L29+L32+L33+L34+L35+L36,0) -> 23111580 | N28: =+M28/$G$8 -> 0.19948054
C29: Estampilla para el fomento y estímulo a la cultura 1% sobre el valor total del contrato. | H29: 0.01 | L29: =ROUNDUP(+H29*$G$9,-3) -> 1553000
C30: Estampilla para el bienestar del adulto mayor 4,2% sobre el valor total del contrato. | H30: 0.042 | L30: =ROUNDUP(+H30*$G$9,-3) -> 6521000
C31: Tasa pro deporte y recreación 1,5 % sobre el valor total del contrato. | H31: 0.015 | L31: =ROUNDUP(+H31*$G$9,-3) -> 2329000
C32: Estampilla para la justicia familiar 2%, sobre el valor bruto del contrato, es decir, el valor de cada pago sin incluir el IVA. | H32: 0.02 | L32: =ROUNDUP(+H32*$G$9,-3) -> 3106000
C33: Impuesto de seguridad 5 % sobre el valor total del contrato. | H33: 0.05 | L33: =ROUNDUP(+H33*$G$9,-3) -> 7763000
C34: Industria y Comercio 10 x 1000 sobre el valor total del contrato. (Régimen de rentas del municipio de Sabanalarga) | H34: 0.01 | L34: =ROUNDUP(+H34*$G$9,-3) -> 1553000
C35: Avisos y tableros 15% del valor liquidado del impuesto de industria y comercio (Régimen de rentas del Municipio de Sabanalarga) | H35: 0.0015 | L35: =ROUNDUP(+L34*15%,-3) -> 233000
C36: Estampilla Bomberil 3% de la sumatoria de lo liquidado de industria y comercio y avisos y tableros. | H36: =L36/$G$9 -> 0.00034511896 | I36: Ind y Com. | L36: =ROUNDUP(+(L34+L35)*3%,0) -> 53580
C37: TOTAL GASTOS ADMINISTRACIÓN | H37: =ROUND(+M37/$G$8,2) -> 0.28 | M37: =ROUND(SUM(M13:M36),0) -> 31907334 | N37: =ROUND(+M37/G8,2) -> 0.28
B38: 3 | C38: IMPREVISTOS | H38: 0.01 | M38: =ROUND(+H38*G8,0) -> 1158588 | N38: =+M38/G8 -> 0.0099999984
B39: 4 | C39: UTILIDAD | H39: 0.05 | M39: =ROUND(+H39*G8,0) -> 5792941 | N39: =+M39/G8 -> 0.050000001
C40: TOTAL A.I.U. | H40: =H37+H38+H39 -> 0.34 | M40: =ROUND(+M39+M38+M37,0) -> 38858863
C43: Proyectó: | D43: FRANCISCO EFRAIN TUAY JARAMILLO | K43: Revisó/Aprobó: | L43: MÓNICA YULIETH RODRÍGUEZ TORRES
D44: Profesional de apoyo contratado S.P.O.P | L44: Secretaria de Planeacion y Obras Publicas

Sheet MEMORIAS-1
D1: DEPARTAMENTO DE CASANARE
D3: MUNICIPIO DE SABANALARGA
D5: MEMORIAS DE CALCULO
A7: OBJETO: | D7: ADECUACIÓN DE ESCENARIOS DEPORTIVOS DEL CASCO URBANO Y CENTROS POBLADOS DEL MUNICIPIO DE SABANALARGA, DEPARTAMENTO DE CASANARE
A8: =+'PRESUPUESTO OFICIAL (Entidad)'!C14 -> 1. DESMONTE Y DEMOLICIONES
A9: ITEM | B9: =+'PRESUPUESTO OFICIAL (Entidad)'!D15 -> 1.1 | C9: DESCRIPCIÓN | F9: =+'PRESUPUESTO OFICIAL (Entidad)'!G15 -> Desmonte malla contra impactos, con acarreo | I9: CANT. PROGRAMADA | J9: =L19 -> 181 | K9: UNIDAD | L9: =+'PRESUPUESTO OFICIAL (Entidad)'!H15 -> M2
A10: DIAGRAMA / ESQUEMA | F10: LOCALIZACION | G10: ANCHO | H10: LARGO | I10: ALTO | J10: AREA | K10: CANTIDAD | L10: TOTAL
F11: MALLA ESTE (1-2)(A-H) | H11: 18.1 | I11: 5 | J11: =H11*I11 -> 90.5 | K11: 1 | L11: =J11*K11 -> 90.5
F12: MALLA OESTE (1-2)(A-H) | H12: 18.1 | I12: 5 | J12: =H12*I12 -> 90.5 | K12: 1 | L12: =J12*K12 -> 90.5
L13: =J13*K13 -> 0
L14: =J14*K14 -> 0
L15: =J15*K15 -> 0
L16: =J16*K16 -> 0
L17: =J17*K17 -> 0
L18: =J18*K18 -> 0
F19: TOTAL | L19: =+ROUND(SUM(L11:L18),2) -> 181
A20: NOTA:
A23: Elaboró:
B24: FRANCISCO EFRAIN TUAY JARAMILLO | H24: MONICA YULIETH RODRIGUEZ TORRES
B25: Profesional de Apoyo | H25: Secretaria de Planeacion y obras Publicas
B26: S.P.O.P | H26: Supervisor
D28: DEPARTAMENTO DE CASANARE
D30: MUNICIPIO DE SABANALARGA
D32: MEMORIAS DE CALCULO
A34: OBJETO: | D34: ADECUACIÓN DE ESCENARIOS DEPORTIVOS DEL CASCO URBANO Y CENTROS POBLADOS DEL MUNICIPIO DE SABANALARGA, DEPARTAMENTO DE CASANARE
A35: =+'PRESUPUESTO OFICIAL (Entidad)'!C14 -> 1. DESMONTE Y DEMOLICIONES
A36: ITEM | B36: =+'PRESUPUESTO OFICIAL (Entidad)'!D16 -> 1.2 | C36: DESCRIPCIÓN | F36: =+'PRESUPUESTO OFICIAL (Entidad)'!G16 -> Demolicion de estructura a nivel en concreto reforzado, con retiro | I36: CANT. PROGRAMADA | J36: =L45 -> 0.18 | K36: UNIDAD | L36: =+'PRESUPUESTO OFICIAL (Entidad)'!H16 -> M3
A37: DIAGRAMA / ESQUEMA | F37: LOCALIZACION | G37: ANCHO | H37: LARGO | I37: ALTO | J37: AREA | K37: CANTIDAD | L37: TOTAL
F38: CONCRETO BASE DE JUEGOS 1,2,3,4 | G38: 0.3 | H38: 0.3 | I38: 0.4 | J38: =G38*H38*I38 -> 0.036 | K38: 4 | L38: =J38*K38 -> 0.144
F39: BASE MALLA CONTRAIMPACTOS EXISTENTE | G39: 0.2 | H39: 0.2 | I39: 0.2 | J39: =G39*H39*I39 -> 0.008 | K39: 4 | L39: =J39*K39 -> 0.032
L40: =J40*K40 -> 0
L41: =J41*K41 -> 0
L42: =J42*K42 -> 0
L43: =J43*K43 -> 0
L44: =J44*K44 -> 0
F45: TOTAL | L45: =+ROUND(SUM(L38:L44),2) -> 0.18
A46: NOTA:
A49: Elaboró:
B50: FRANCISCO EFRAIN TUAY JARAMILLO | H50: MONICA YULIETH RODRIGUEZ TORRES
B51: Profesional de Apoyo | H51: Secretaria de Planeacion y obras Publicas
B52: S.P.O.P | H52: Supervisor
D54: DEPARTAMENTO DE CASANARE
D56: MUNICIPIO DE SABANALARGA
D58: MEMORIAS DE CALCULO
A60: OBJETO: | D60: ADECUACIÓN DE ESCENARIOS DEPORTIVOS DEL CASCO URBANO Y CENTROS POBLADOS DEL MUNICIPIO DE SABANALARGA, DEPARTAMENTO DE CASANARE
A61: =+'PRESUPUESTO OFICIAL (Entidad)'!C18 -> 2. PRELIMINARES
A62: ITEM | B62: =+'PRESUPUESTO OFICIAL (Entidad)'!D19 -> 2.1 | C62: DESCRIPCIÓN | F62: =+'PRESUPUESTO OFICIAL (Entidad)'!G19 -> Replanteo y localización para Arquitectura, sobre terreno | I62: CANT. PROGRAMADA | J62: =L73 -> 104.15 | K62: UNIDAD | L62: =+'PRESUPUESTO OFICIAL (Entidad)'!H19 -> M2
A63: DIAGRAMA / ESQUEMA | F63: LOCALIZACION | G63: ANCHO | H63: LARGO | I63: ALTO | J63: AREA | K63: CANTIDAD | L63: TOTAL
F64: Z-ESTE (A-H)(1-2) | G64: 19.65 | H64: 2.65 | J64: =G64*H64 -> 52.0725 | K64: 1 | L64: =+K64*J64 -> 52.0725
F65: Z-OESTE (A-H)(1-2`) | G65: 19.65 | H65: 2.65 | J65: =G65*H65 -> 52.0725 | K65: 1 | L65: =+K65*J65 -> 52.0725
L66: =+K66*J66 -> 0
L67: =+K67*J67 -> 0
L68: =+K68*J68 -> 0
L69: =+K69*J69 -> 0
L70: =+K70*J70 -> 0
L71: =+K71*J71 -> 0
L72: =+K72*J72 -> 0
F73: TOTAL | L73: =+ROUND(SUM(L64:L72),2) -> 104.15
A74: NOTA:
A77: Elaboró:
B78: FRANCISCO EFRAIN TUAY JARAMILLO | H78: MONICA YULIETH RODRIGUEZ TORRES
B79: Profesional de Apoyo | H79: Secretaria de Planeacion y obras Publicas
B80: S.P.O.P | H80: Supervisor
D82: DEPARTAMENTO DE CASANARE
D84: MUNICIPIO DE SABANALARGA
D86: MEMORIAS DE CALCULO
A88: OBJETO: | D88: ADECUACIÓN DE ESCENARIOS DEPORTIVOS DEL CASCO URBANO Y CENTROS POBLADOS DEL MUNICIPIO DE SABANALARGA, DEPARTAMENTO DE CASANARE
A89: =+'PRESUPUESTO OFICIAL (Entidad)'!C18 -> 2. PRELIMINARES
A90: ITEM | B90: =+'PRESUPUESTO OFICIAL (Entidad)'!D20 -> 2.2 | C90: DESCRIPCIÓN | F90: =+'PRESUPUESTO OFICIAL (Entidad)'!G20 -> Excavacion manual en material comun | I90: CANT. PROGRAMADA | J90: =L100 -> 21.03 | K90: UNIDAD | L90: =+'PRESUPUESTO OFICIAL (Entidad)'!H20 -> M3
A91: DIAGRAMA / ESQUEMA | F91: LOCALIZACION | G91: ANCHO | H91: LARGO | I91: ALTO | J91: AREA | K91: CANTIDAD | L91: TOTAL
F92: ZAPATAS ESTE A-H | G92: 0.6 | H92: 0.6 | I92: 0.85 | J92: =G92*H92*I92 -> 0.306 | K92: 3 | L92: =+K92*J92 -> 0.918
F93: ZAPATAS OESTE A-H | G93: 0.6 | H93: 0.6 | I93: 0.85 | J93: =G93*H93*I93 -> 0.306 | K93: 3 | L93: =+K93*J93 -> 0.918
F94: VIGAS ESTE A-H | G94: 0.2 | H94: 21.35 | I94: 0.25 | J94: =G94*H94*I94 -> 1.0675 | K94: 1 | L94: =+K94*J94 -> 1.0675
F95: VIGAS OESTE A-H | G95: 0.2 | H95: 21.35 | I95: 0.25 | J95: =G95*H95*I95 -> 1.0675 | K95: 1 | L95: =+K95*J95 -> 1.0675
F96: AREA PLACA | G96: 2.3 | H96: 17.85 | I96: 0.2 | J96: =G96*H96*I96 -> 8.211 | K96: 2 | L96: =+K96*J96 -> 16.422
F97: PEDESTAL JUEGOS | G97: 0.4 | H97: 0.4 | I97: 1 | J97: =G97*H97*I97 -> 0.16 | K97: 4 | L97: =+K97*J97 -> 0.64
L98: =+K98*J98 -> 0
L99: =+K99*J99 -> 0
F100: TOTAL | L100: =+ROUND(SUM(L92:L99),2) -> 21.03
A101: NOTA:
A104: Elaboró:
B105: FRANCISCO EFRAIN TUAY JARAMILLO | H105: MONICA YULIETH RODRIGUEZ TORRES
B106: Profesional de Apoyo | H106: Secretaria de Planeacion y obras Publicas
B107: S.P.O.P | H107: Supervisor
D109: DEPARTAMENTO DE CASANARE
D111: MUNICIPIO DE SABANALARGA
D113: MEMORIAS DE CALCULO
A115: OBJETO: | D115: ADECUACIÓN DE ESCENARIOS DEPORTIVOS DEL CASCO URBANO Y CENTROS POBLADOS DEL MUNICIPIO DE SABANALARGA, DEPARTAMENTO DE CASANARE
A116: =+'PRESUPUESTO OFICIAL (Entidad)'!C18 -> 2. PRELIMINARES
A117: ITEM | B117: =+'PRESUPUESTO OFICIAL (Entidad)'!D21 -> 2.3 | C117: DESCRIPCIÓN | F117: =+'PRESUPUESTO OFICIAL (Entidad)'!G21 -> Relleno con base granular seleccionada o clasificada, compactada y transportada | I117: CANT. PROGRAMADA | J117: =L127 -> 8.72 | K117: UNIDAD | L117: =+'PRESUPUESTO OFICIAL (Entidad)'!H21 -> M3
A118: DIAGRAMA / ESQUEMA | F118: LOCALIZACION | G118: ANCHO | H118: LARGO | I118: ALTO | J118: AREA | K118: CANTIDAD | L118: TOTAL
F119: ZONA PLACA ESTE (A-H)(1-2) | G119: 2.3 | H119: 18.95 | I119: 0.1 | J119: =G119*H119*I119 -> 4.3585 | K119: 1 | L119: =+K119*J119 -> 4.3585
F120: ZONA PLACA OESTE (A-H)(1-2) | G120: 2.3 | H120: 18.95 | I120: 0.1 | J120: =G120*H120*I120 -> 4.3585 | K120: 1 | L120: =+K120*J120 -> 4.3585
L121: =+K121*J121 -> 0
L122: =+K122*J122 -> 0
L123: =+K123*J123 -> 0
L124: =+K124*J124 -> 0
L125: =+K125*J125 -> 0
L126: =+K126*J126 -> 0
F127: TOTAL | L127: =+ROUND(SUM(L119:L126),2) -> 8.72
...

Sheet APU-1
A1: Formulario 1 - Propuesta económica - Documento tipo de selección abreviada de menor cuantía
A2: Versión: 1 del 21 de agosto de 2025
B5: [La entidad podrá utilizar este formato para la presentación de los análisis de precios unitarios el contratista en la oportunidad prevista en el numeral 8.2. del Documento Base]
C8: ALCALDIA MUNICIPAL DE SABANALARGA
K9: VERSIÓN
C10: [NÚMERO DEL PROCESO]
K11: PÁGINA | L11: 1 | M11: DE | N11: 1
C13: ANALISIS DE PRECIOS UNITARIOS
K15: FECHA | L15: DD | M15: MM | N15: AA
B17: ITEMS DE LA PROPUESTA ECONÓMICA
B21: DATOS ESPECÍFICOS
B23: ITEM | C23: DESCRIPCIÓN | L23: UNIDAD | N23: CANTIDAD
B24: 1.1 | C24: Desmonte malla contra impactos, con acarreo | L24: M2
B25: I. EQUIPO
B28: DESCRIPCIÓN | G28: MARCA | I28: TIPO | K28: TARIFA/HORA | L28: RENDIMIENTO | N28: Vr. UNITARIO
B29: Herramienta menor 10% M.O. AA | I29: HR | K29: 4108 | L29: 0.1 | N29: =ROUND(K29*L29,0) -> 411
B30: Volqueta (6 m3) | I30: HR | K30: 99170 | L30: 0.01 | N30: =ROUND(K30*L30,0) -> 992
N31: =ROUND(K31*L31,0) -> 0
B32: SUBTOTAL $ | N32: =SUM(N29:N31) -> 1403
B33: II. MATERIALES
B36: DESCRIPCIÓN | J36: UNIDAD | K36: CANTIDAD | L36: PRECIO UNIT. | N36: Vr. UNITARIO
N37: =ROUND(K37*L37,0) -> 0
N38: =ROUND(K38*L38,0) -> 0
N39: =ROUND(K39*L39,0) -> 0
N40: =ROUND(K40*L40,0) -> 0
B41: SUBTOTAL $ | N41: =SUM(N37:N40) -> 0
B42: III. TRANSPORTES
B45: MATERIAL | I45: VOL. o PESO | J45: DISTANCIA | K45: M3 o Ton/Km | L45: TARIFA | N45: Vr. UNITARIO
N46: =ROUND(K46*L46,0) -> 0
N47: =ROUND(K47*L47,0) -> 0
B48: SUBTOTAL $ | N48: =SUM(N46:N47) -> 0
B49: IV. MANO DE OBRA
B52: TRABAJADOR | I52: JORNAL | J52: PRESTACIONES | K52: JORNAL TOTAL | L52: RENDIMIENTO | N52: Vr. UNITARIO
B53: Cuadrilla AA (Albañileria) | I53: HR | K53: 41075 | L53: 0.1 | N53: =ROUND(K53*L53,0) -> 4108
N54: =ROUND(K54*L54,0) -> 0
N55: =ROUND(K55*L55,0) -> 0
N56: =ROUND(K56*L56,0) -> 0
B57: SUBTOTAL $ | N57: =SUM(N53:N56) -> 4108
B59: TOTAL COSTO DIRECTO $ | N59: =N32+N41+N48+N57 -> 5511
B60: V. COSTOS INDIRECTOS
B63: Descripción | K63: Porcentaje | L63: Valor Total
B64: ADMINISTRACION | K64: 0.28 | L64: =+N59 -> 5511 | N64: =ROUND(K64*L64,0) -> 1543
B65: IMPREVISTOS | K65: 0.01 | L65: =+N59 -> 5511 | N65: =ROUND(K65*L65,0) -> 55
B66: UTILIDAD | K66: 0.05 | L66: =+N59 -> 5511 | N66: =ROUND(K66*L66,0) -> 276
B67: SUBTOTAL $ | N67: =SUM(N64:N66) -> 1874
B69: Precio Unitario Total Aproximado al peso $ | N69: =N59+N67 -> 7385
C73: Firma | I73: Firma
C74: Nombre: | D74: FRANCISCO EFRAIN TUAY JARAMILLO | I74: Nombre: | J74: MONICA YULIETH RODRIGUEZ TORRES
C75: Profesional de Apoyo S.P.O.P | I75: Supervisor
I76: Secretaria de Planeación y Obras Públicas
A80: Formulario 1 - Propuesta económica - Documento tipo de selección abreviada de menor cuantía
A81: Versión: 1 del 21 de agosto de 2025
B84: [La entidad podrá utilizar este formato para la presentación de los análisis de precios unitarios el contratista en la oportunidad prevista en el numeral 8.2. del Documento Base]
C87: ALCALDIA MUNICIPAL DE SABANALARGA
K88: VERSIÓN
C89: [NÚMERO DEL PROCESO]
K90: PÁGINA | L90: 1 | M90: DE | N90: 1
C92: ANALISIS DE PRECIOS UNITARIOS
K94: FECHA | L94: DD | M94: MM | N94: AA
B96: ITEMS DE LA PROPUESTA ECONÓMICA
B100: DATOS ESPECÍFICOS
B102: ITEM | C102: DESCRIPCIÓN | L102: UNIDAD | N102: CANTIDAD
B103: =+'PRESUPUESTO OFICIAL (Entidad)'!D16 -> 1.2 | C103: Demolicion de estructura a nivel en concreto reforzado, con retiro | L103: M3
B104: I. EQUIPO
B107: DESCRIPCIÓN | G107: MARCA | I107: TIPO | K107: TARIFA/HORA | L107: RENDIMIENTO | N107: Vr. UNITARIO
B108: Herramienta menor 10% M.O. AA -4 | C108: Herramienta menor 10% M.O. AA -4 | D108: Herramienta menor 10% M.O. AA -4 | E108: Herramienta menor 10% M.O. AA -4 | F108: Herramienta menor 10% M.O. AA -4 | I108: HR | K108: 9167 | L108: 1.22 | M108: 1.22 | N108: =ROUND(K108*L108,0) -> 11184
B109: Volqueta (6 m3) | C109: Volqueta (6 m3) | D109: Volqueta (6 m3) | E109: Volqueta (6 m3) | F109: Volqueta (6 m3) | I109: HR | K109: 99170 | L109: 0.1136 | M109: 0.1136 | N109: =ROUND(K109*L109,0) -> 11266
B110: compresor 250 Lb cpm (1 martillo neumatico) | C110: compresor 250 Lb cpm (1 martillo neumatico) | D110: compresor 250 Lb cpm (1 martillo neumatico) | E110: compresor 250 Lb cpm (1 martillo neumatico) | F110: compresor 250 Lb cpm (1 martillo neumatico) | I110: HR | K110: 91950 | L110: 1.5 | M110: 1.5 | N110: =ROUND(K110*L110,0) -> 137925
B111: SUBTOTAL $ | N111: =SUM(N108:N110) -> 160375
B112: II. MATERIALES
B115: DESCRIPCIÓN | J115: UNIDAD | K115: CANTIDAD | L115: PRECIO UNIT. | N115: Vr. UNITARIO
N116: =ROUND(K116*L116,0) -> 0
N117: =ROUND(K117*L117,0) -> 0
N118: =ROUND(K118*L118,0) -> 0
N119: =ROUND(K119*L119,0) -> 0
B120: SUBTOTAL $ | N120: =SUM(N116:N119) -> 0
B121: III. TRANSPORTES
B124: MATERIAL | I124: VOL. o PESO | J124: DISTANCIA | K124: M3 o Ton/Km | L124: TARIFA | N124: Vr. UNITARIO
N125: =ROUND(K125*L125,0) -> 0
N126: =ROUND(K126*L126,0) -> 0
B127: SUBTOTAL $ | N127: =SUM(N125:N126) -> 0
B128: IV. MANO DE OBRA
B131: TRABAJADOR | I131: JORNAL | J131: PRESTACIONES | K131: JORNAL TOTAL | L131: RENDIMIENTO | N131: Vr. UNITARIO
B132: Cuadrilla AA - 4 | C132: Cuadrilla AA - 4 | D132: Cuadrilla AA - 4 | E132: Cuadrilla AA - 4 | F132: Cuadrilla AA - 4 | G132: Cuadrilla AA - 4 | H132: Cuadrilla AA - 4 | I132: HR | K132: 91667 | L132: 1.22 | M132: 1.22 | N132: =ROUND(K132*L132,0) -> 111834
N133: =ROUND(K133*L133,0) -> 0
N134: =ROUND(K134*L134,0) -> 0
N135: =ROUND(K135*L135,0) -> 0
B136: SUBTOTAL $ | N136: =SUM(N132:N135) -> 111834
B138: TOTAL COSTO DIRECTO $ | N138: =N111+N120+N127+N136 -> 272209
B139: V. COSTOS INDIRECTOS
B142: Descripción | K142: Porcentaje | L142: Valor Total
B143: ADMINISTRACION | K143: 0.28 | L143: =+N138 -> 272209 | N143: =ROUND(K143*L143,0) -> 76219
B144: IMPREVISTOS | K144: 0.01 | L144: =+N138 -> 272209 | N144: =ROUND(K144*L144,0) -> 2722
B145: UTILIDAD | K145: 0.05 | L145: =+N138 -> 272209 | N145: =ROUND(K145*L145,0) -> 13610
B146: SUBTOTAL $ | N146: =SUM(N143:N145) -> 92551
B148: Precio Unitario Total Aproximado al peso $ | N148: =N138+N146 -> 364760
C152: Firma | I152: Firma
C153: Nombre: | D153: FRANCISCO EFRAIN TUAY JARAMILLO | I153: Nombre: | J153: MONICA YULIETH RODRIGUEZ TORRES
C154: Profesional de Apoyo S.P.O.P | I154: Supervisor
I155: Secretaria de Planeación y Obras Públicas
...

Sheet APU-2
B1: Formulario 1 - Propuesta económica - Documento tipo de selección abreviada de menor cuantía
B2: Versión: 1 del 21 de agosto de 2025
C5: [La entidad podrá utilizar este formato para la presentación de los análisis de precios unitarios el contratista en la oportunidad prevista en el numeral 8.2. del Documento Base]
D8: ALCALDIA MUNICIPAL DE SABANALARGA
L9: VERSIÓN
D10: [NÚMERO DEL PROCESO]
L11: PÁGINA | M11: 1 | N11: DE | O11: 1
D13: ANALISIS DE PRECIOS UNITARIOS
L15: FECHA | M15: DD | N15: MM | O15: AA
C17: ITEMS DE LA PROPUESTA ECONÓMICA
C21: DATOS ESPECÍFICOS
C23: ITEM | D23: DESCRIPCIÓN | M23: UNIDAD | O23: CANTIDAD
C24: =+'PRESUPUESTO OFICIAL (Entidad)'!D48 -> 6.1 | D24: Malla para cerramiento lateral cancha calibre No 5, hueco 13 cm, 100% nylon. Suministro e Instal | M24: M2
C25: I. EQUIPO
C28: DESCRIPCIÓN | H28: MARCA | J28: TIPO | L28: TARIFA/HORA | M28: RENDIMIENTO | O28: Vr. UNITARIO
C29: Herramienta menor 10% M.O. AA | J29: HR | L29: 4842 | M29: 0.0471 | O29: =ROUND(L29*M29,0) -> 228
C30: Andamio tubular | J30: HR | L30: 248 | M30: 0.56 | O30: =ROUND(L30*M30,0) -> 139
O31: =ROUND(L31*M31,0) -> 0
C32: SUBTOTAL $ | O32: =SUM(O29:O31) -> 367
C33: II. MATERIALES
C36: DESCRIPCIÓN | K36: UNIDAD | L36: CANTIDAD | M36: PRECIO UNIT. | O36: Vr. UNITARIO
C37: Malla para cerramiento lateral calibre No. 5 hueco 13cm 100% Nylon | K37: M2 | L37: 1 | M37: 10956 | O37: =ROUND(L37*M37,0) -> 10956
O38: =ROUND(L38*M38,0) -> 0
O39: =ROUND(L39*M39,0) -> 0
O40: =ROUND(L40*M40,0) -> 0
C41: SUBTOTAL $ | O41: =SUM(O37:O40) -> 10956
C42: III. TRANSPORTES
C45: MATERIAL | J45: VOL. o PESO | K45: DISTANCIA | L45: M3 o Ton/Km | M45: TARIFA | O45: Vr. UNITARIO
O46: =ROUND(L46*M46,0) -> 0
O47: =ROUND(L47*M47,0) -> 0
C48: SUBTOTAL $ | O48: =SUM(O46:O47) -> 0
C49: IV. MANO DE OBRA
C52: TRABAJADOR | J52: JORNAL | K52: PRESTACIONES | L52: JORNAL TOTAL | M52: RENDIMIENTO | O52: Vr. UNITARIO
C53: Cuadrilla BB (Instalaciones) | J53: HR | L53: 48421 | M53: 0.0471 | O53: =ROUND(L53*M53,0) -> 2281
O54: =ROUND(L54*M54,0) -> 0
O55: =ROUND(L55*M55,0) -> 0
O56: =ROUND(L56*M56,0) -> 0
C57: SUBTOTAL $ | O57: =SUM(O53:O56) -> 2281
C59: TOTAL COSTO DIRECTO $ | O59: =O32+O41+O48+O57 -> 13604
C60: V. COSTOS INDIRECTOS
C63: Descripción | L63: Porcentaje | M63: Valor Total
C64: ADMINISTRACION | L64: 0.28 | M64: =+O59 -> 13604 | O64: =ROUND(L64*M64,0) -> 3809
C65: IMPREVISTOS | L65: 0.01 | M65: =+O59 -> 13604 | O65: =ROUND(L65*M65,0) -> 136
C66: UTILIDAD | L66: 0.05 | M66: =+O59 -> 13604 | O66: =ROUND(L66*M66,0) -> 680
C67: SUBTOTAL $ | O67: =SUM(O64:O66) -> 4625
C69: Precio Unitario Total Aproximado al peso $ | O69: =O59+O67 -> 18229
D73: Firma | J73: Firma
D74: Nombre: | E74: FRANCISCO EFRAIN TUAY JARAMILLO | J74: Nombre: | K74: MONICA YULIETH RODRIGUEZ TORRES
D75: Profesional de Apoyo S.P.O.P | J75: Supervisor
J76: Secretaria de Planeación y Obras Públicas
B80: Formulario 1 - Propuesta económica - Documento tipo de selección abreviada de menor cuantía
B81: Versión: 1 del 21 de agosto de 2025
C84: [La entidad podrá utilizar este formato para la presentación de los análisis de precios unitarios el contratista en la oportunidad prevista en el numeral 8.2. del Documento Base]
D87: ALCALDIA MUNICIPAL DE SABANALARGA
L88: VERSIÓN
D89: [NÚMERO DEL PROCESO]
L90: PÁGINA | M90: 1 | N90: DE | O90: 1
D92: ANALISIS DE PRECIOS UNITARIOS
L94: FECHA | M94: DD | N94: MM | O94: AA
C96: ITEMS DE LA PROPUESTA ECONÓMICA
C100: DATOS ESPECÍFICOS
C102: ITEM | D102: DESCRIPCIÓN | M102: UNIDAD | O102: CANTIDAD
C103: =+'PRESUPUESTO OFICIAL (Entidad)'!D49 -> 6.2 | D103: Malla para cerramiento techo calibre No 3, hueco 13 cm, 100% nylon. Suministro e Instal. | M103: M2
C104: I. EQUIPO
C107: DESCRIPCIÓN | H107: MARCA | J107: TIPO | L107: TARIFA/HORA | M107: RENDIMIENTO | O107: Vr. UNITARIO
C108: Herramienta menor 10% M.O. AA | J108: HR | L108: 4842 | M108: 0.0471 | O108: =ROUND(L108*M108,0) -> 228
C109: Andamio tubular | J109: HR | L109: 248 | M109: 0.56 | O109: =ROUND(L109*M109,0) -> 139
O110: =ROUND(L110*M110,0) -> 0
C111: SUBTOTAL $ | O111: =SUM(O108:O110) -> 367
C112: II. MATERIALES
C115: DESCRIPCIÓN | K115: UNIDAD | L115: CANTIDAD | M115: PRECIO UNIT. | O115: Vr. UNITARIO
C116: Malla para cerramiento techo calibre No. 3 hueco 13cm 100% Nylon | K116: M2 | L116: 1 | M116: 8013 | O116: =ROUND(L116*M116,0) -> 8013
O117: =ROUND(L117*M117,0) -> 0
O118: =ROUND(L118*M118,0) -> 0
O119: =ROUND(L119*M119,0) -> 0
C120: SUBTOTAL $ | O120: =SUM(O116:O119) -> 8013
C121: III. TRANSPORTES
C124: MATERIAL | J124: VOL. o PESO | K124: DISTANCIA | L124: M3 o Ton/Km | M124: TARIFA | O124: Vr. UNITARIO
O125: =ROUND(L125*M125,0) -> 0
O126: =ROUND(L126*M126,0) -> 0
C127: SUBTOTAL $ | O127: =SUM(O125:O126) -> 0
C128: IV. MANO DE OBRA
C131: TRABAJADOR | J131: JORNAL | K131: PRESTACIONES | L131: JORNAL TOTAL | M131: RENDIMIENTO | O131: Vr. UNITARIO
C132: Cuadrilla BB (Instalaciones) | J132: HR | L132: 48421 | M132: 0.0471 | O132: =ROUND(L132*M132,0) -> 2281
O133: =ROUND(L133*M133,0) -> 0
O134: =ROUND(L134*M134,0) -> 0
O135: =ROUND(L135*M135,0) -> 0
C136: SUBTOTAL $ | O136: =SUM(O132:O135) -> 2281
C138: TOTAL COSTO DIRECTO $ | O138: =O111+O120+O127+O136 -> 10661
C139: V. COSTOS INDIRECTOS
C142: Descripción | L142: Porcentaje | M142: Valor Total
C143: ADMINISTRACION | L143: 0.28 | M143: =+O138 -> 10661 | O143: =ROUND(L143*M143,0) -> 2985
C144: IMPREVISTOS | L144: 0.01 | M144: =+O138 -> 10661 | O144: =ROUND(L144*M144,0) -> 107
C145: UTILIDAD | L145: 0.05 | M145: =+O138 -> 10661 | O145: =ROUND(L145*M145,0) -> 533
C146: SUBTOTAL $ | O146: =SUM(O143:O145) -> 3625
C148: Precio Unitario Total Aproximado al peso $ | O148: =O138+O146 -> 14286
D152: Firma | J152: Firma
D153: Nombre: | E153: FRANCISCO EFRAIN TUAY JARAMILLO | J153: Nombre: | K153: MONICA YULIETH RODRIGUEZ TORRES
D154: Profesional de Apoyo S.P.O.P | J154: Supervisor
J155: Secretaria de Planeación y Obras Públicas
...

Sheet MEMORIAS-2
D1: DEPARTAMENTO DE CASANARE
D3: MUNICIPIO DE SABANALARGA
D5: MEMORIAS DE CALCULO
A7: OBJETO: | D7: ADECUACIÓN DE ESCENARIOS DEPORTIVOS DEL CASCO URBANO Y CENTROS POBLADOS DEL MUNICIPIO DE SABANALARGA, DEPARTAMENTO DE CASANARE
A8: =+'PRESUPUESTO OFICIAL (Entidad)'!C47 -> 6. MALLA CERRAMIENTO
A9: ITEM | B9: =+'PRESUPUESTO OFICIAL (Entidad)'!D48 -> 6.1 | C9: DESCRIPCIÓN | F9: =+'PRESUPUESTO OFICIAL (Entidad)'!G48 -> Malla para cerramiento lateral cancha calibre No 5, hueco 13 cm, 100% nylon. Suministro e Instal | I9: CANT. PROGRAMADA | J9: =L24 -> 1428 | K9: UNIDAD | L9: =+'PRESUPUESTO OFICIAL (Entidad)'!H48 -> M2
A10: DIAGRAMA / ESQUEMA | F10: LOCALIZACION | G10: ANCHO | H10: LARGO | I10: ALTO | J10: AREA | K10: CANTIDAD | L10: TOTAL
F11: CERRAMIENTO LATERAL NORTE | H11: 27.4 | I11: 10 | J11: =H11*I11 -> 274 | K11: 1 | L11: =+K11*J11 -> 274
F12: CERRAMIENTO LATERAL SUR | H12: 27.4 | I12: 10 | J12: =H12*I12 -> 274 | K12: 1 | L12: =+K12*J12 -> 274
F13: CERRAMIENTO LATERAL ESTE | H13: 44 | I13: 10 | J13: =H13*I13 -> 440 | K13: 1 | L13: =+K13*J13 -> 440
F14: CERRAMIENTO LATERAL OESTE | H14: 44 | I14: 10 | J14: =H14*I14 -> 440 | K14: 1 | L14: =+K14*J14 -> 440
F15: REFUERZO CERRAMIENTO | H15: 142 | I15: 0 | J15: =H15*I15 -> 0 | K15: 1 | L15: =+K15*J15 -> 0
L16: =+K16*J16 -> 0
L17: =+K17*J17 -> 0
L18: =+K18*J18 -> 0
L19: =+K19*J19 -> 0
L20: =+K20*J20 -> 0
L21: =+K21*J21 -> 0
L22: =+K22*J22 -> 0
L23: =+K23*J23 -> 0
F24: TOTAL | L24: =SUM(L11:L23) -> 1428
A26: NOTA:
A31: Elaboró:
B32: FRANCISCO EFRAIN TUAY JARAMILLO | H32: MONICA YULIETH RODRIGUEZ TORRES
B33: Profesional de Apoyo | H33: Secretaria de Planeacion y obras Publicas
B34: S.P.O.P | H34: Supervisor
D36: DEPARTAMENTO DE CASANARE
D38: MUNICIPIO DE SABANALARGA
D40: MEMORIAS DE CALCULO
A42: OBJETO: | D42: ADECUACIÓN DE ESCENARIOS DEPORTIVOS DEL CASCO URBANO Y CENTROS POBLADOS DEL MUNICIPIO DE SABANALARGA, DEPARTAMENTO DE CASANARE
A43: =+'PRESUPUESTO OFICIAL (Entidad)'!C47 -> 6. MALLA CERRAMIENTO
A44: ITEM | B44: =+'PRESUPUESTO OFICIAL (Entidad)'!D49 -> 6.2 | C44: DESCRIPCIÓN | F44: =+'PRESUPUESTO OFICIAL (Entidad)'!G49 -> Malla para cerramiento techo calibre No 3, hueco 13 cm, 100% nylon. Suministro e Instal. | I44: CANT. PROGRAMADA | J44: =L59 -> 1247.4 | K44: UNIDAD | L44: =+'PRESUPUESTO OFICIAL (Entidad)'!H49 -> M2
A45: DIAGRAMA / ESQUEMA | F45: LOCALIZACION | G45: ANCHO | H45: LARGO | I45: ALTO | J45: AREA | K45: CANTIDAD | L45: TOTAL
F46: CERRAMIENTO SUPERIOR | G46: 44 | H46: 27 | J46: =G46*H46 -> 1188 | K46: 1 | L46: =+K46*J46 -> 1188
F47: CERRAMIENTO 5% POR ONDULACION | J47: 1188 | K47: 0.05 | L47: =+K47*J47 -> 59.4
L48: =+K48*J48 -> 0
L49: =+K49*J49 -> 0
L50: =+K50*J50 -> 0
L51: =+K51*J51 -> 0
L52: =+K52*J52 -> 0
L53: =+K53*J53 -> 0
L54: =+K54*J54 -> 0
L55: =+K55*J55 -> 0
L56: =+K56*J56 -> 0
L57: =+K57*J57 -> 0
L58: =+K58*J58 -> 0
F59: TOTAL | L59: =SUM(L46:L58) -> 1247.4
A61: NOTA:
A66: Elaboró:
B67: FRANCISCO EFRAIN TUAY JARAMILLO | H67: MONICA YULIETH RODRIGUEZ TORRES
B68: Profesional de Apoyo | H68: Secretaria de Planeacion y obras Publicas
B69: S.P.O.P | H69: Supervisor
D71: DEPARTAMENTO DE CASANARE
D73: MUNICIPIO DE SABANALARGA
D75: MEMORIAS DE CALCULO
A77: OBJETO: | D77: ADECUACIÓN DE ESCENARIOS DEPORTIVOS DEL CASCO URBANO Y CENTROS POBLADOS DEL MUNICIPIO DE SABANALARGA, DEPARTAMENTO DE CASANARE
A78: =+'PRESUPUESTO OFICIAL (Entidad)'!C47 -> 6. MALLA CERRAMIENTO
A79: ITEM | B79: =+'PRESUPUESTO OFICIAL (Entidad)'!D50 -> 6.3 | C79: DESCRIPCIÓN | F79: =+'PRESUPUESTO OFICIAL (Entidad)'!G50 -> Tela laminada o sintética -ancho 1.2ml | I79: CANT. PROGRAMADA | J79: =L94 -> 60.28 | K79: UNIDAD | L79: =+'PRESUPUESTO OFICIAL (Entidad)'!H50 -> M2
A80: DIAGRAMA / ESQUEMA | F80: LOCALIZACION | G80: ANCHO | H80: LARGO | I80: ALTO | J80: AREA | K80: CANTIDAD | L80: TOTAL
F81: DETRÁS DE PORTERIA SUR | G81: 1.1 | H81: 27.4 | J81: =G81*H81 -> 30.14 | L81: =+J81 -> 30.14
F82: DETRÁS DE PORTERIA NORTE | G82: 1.1 | H82: 27.4 | J82: =G82*H82 -> 30.14 | L82: =+J82 -> 30.14
L83: =+J83 -> 0
L84: =+J84 -> 0
L85: =+J85 -> 0
L86: =+J86 -> 0
L87: =+J87 -> 0
L88: =+J88 -> 0
L89: =+J89 -> 0
L90: =+J90 -> 0
L91: =+J91 -> 0
L92: =+J92 -> 0
L93: =+J93 -> 0
F94: TOTAL | L94: =SUM(L81:L93) -> 60.28
A96: NOTA:
A101: Elaboró:
B102: FRANCISCO EFRAIN TUAY JARAMILLO | H102: MONICA YULIETH RODRIGUEZ TORRES
B103: Profesional de Apoyo | H103: Secretaria de Planeacion y obras Publicas
B104: S.P.O.P | H104: Supervisor
D106: DEPARTAMENTO DE CASANARE
D108: MUNICIPIO DE SABANALARGA
D110: MEMORIAS DE CALCULO
A112: OBJETO: | D112: ADECUACIÓN DE ESCENARIOS DEPORTIVOS DEL CASCO URBANO Y CENTROS POBLADOS DEL MUNICIPIO DE SABANALARGA, DEPARTAMENTO DE CASANARE
A113: =+'PRESUPUESTO OFICIAL (Entidad)'!C47 -> 6. MALLA CERRAMIENTO
A114: ITEM | B114: =+'PRESUPUESTO OFICIAL (Entidad)'!D51 -> 6.4 | C114: DESCRIPCIÓN | F114: =+'PRESUPUESTO OFICIAL (Entidad)'!G51 -> Cable guaya en acero galvanizado | I114: CANT. PROGRAMADA | J114: =L129 -> 122.22 | K114: UNIDAD | L114: =+'PRESUPUESTO OFICIAL (Entidad)'!H51 -> ML
A115: DIAGRAMA / ESQUEMA | F115: LOCALIZACION | G115: ANCHO | H115: LARGO | I115: ALTO | J115: AREA | K115: CANTIDAD | L115: TOTAL
F116: GUAYA REFUERZO ENTRE POSTES | H116: 116.4 | L116: =+H116 -> 116.4
F117: 5% POR ONDULACIÓN | H117: 5.82 | L117: =+H117 -> 5.82
L118: =+H118 -> 0
L119: =+H119 -> 0
L120: =+H120 -> 0
L121: =+H121 -> 0
L122: =+H122 -> 0
L123: =+H123 -> 0
L124: =+H124 -> 0
L125: =+H125 -> 0
L126: =+H126 -> 0
L127: =+H127 -> 0
L128: =+H128 -> 0
F129: TOTAL | L129: =SUM(L116:L128) -> 122.22
A131: NOTA:
...

Sheet APU-3
B1: Formulario 1 - Propuesta económica - Documento tipo de selección abreviada de menor cuantía
B2: Versión: 1 del 21 de agosto de 2025
C5: [La entidad podrá utilizar este formato para la presentación de los análisis de precios unitarios el contratista en la oportunidad prevista en el numeral 8.2. del Documento Base]
D8: ALCALDIA MUNICIPAL DE SABANALARGA
L9: VERSIÓN
D10: [NÚMERO DEL PROCESO]
L11: PÁGINA | M11: 1 | N11: DE | O11: 1
D13: ANALISIS DE PRECIOS UNITARIOS
L15: FECHA | M15: DD | N15: MM | O15: AA
C17: ITEMS DE LA PROPUESTA ECONÓMICA
C21: DATOS ESPECÍFICOS
C23: ITEM | D23: DESCRIPCIÓN | M23: UNIDAD | O23: CANTIDAD
C24: =+'PRESUPUESTO OFICIAL (Entidad)'!D56 -> 7.1 | D24: Baranda en tubo galvanizado de 2", cal 1.5 mm | M24: ML
C25: I. EQUIPO
C28: DESCRIPCIÓN | H28: MARCA | J28: TIPO | L28: TARIFA/HORA | M28: RENDIMIENTO | O28: Vr. UNITARIO
C29: Herramienta menor 10% M.O. HH | J29: HR | L29: 7816 | M29: 2 | O29: =ROUND(L29*M29,0) -> 15632
C30: Equipo de soldadura Marca Linconl 600 A | J30: HR | L30: 17983 | M30: 0.15 | O30: =ROUND(L30*M30,0) -> 2697
C31: Equipo de Oxicorte | J31: HR | L31: 17444 | M31: 1 | O31: =ROUND(L31*M31,0) -> 17444
C32: Equipo de pintura con compresor | J32: HR | L32: 7406 | M32: 0.1333 | O32: =ROUND(L32*M32,0) -> 987
C33: SUBTOTAL $ | O33: =SUM(O29:O32) -> 36760
C34: II. MATERIALES
C37: DESCRIPCIÓN | K37: UNIDAD | L37: CANTIDAD | M37: PRECIO UNIT. | O37: Vr. UNITARIO
C38: Acetileno | K38: KG | L38: 0.015 | M38: 108932 | O38: =ROUND(L38*M38,0) -> 1634
C39: Anticorrosivo gris/blanco/rojo | K39: GL | L39: 0.04 | M39: 72820 | O39: =ROUND(L39*M39,0) -> 2913
C40: Esmalte brillante tipo pintulux de Pintuco o similar | K40: GL | L40: 0.05 | M40: 92850 | O40: =ROUND(L40*M40,0) -> 4643
C41: Lamina HR 3/16" | K41: M2 | L41: 0.0076 | M41: 267257 | O41: =ROUND(L41*M41,0) -> 2031
C42: Oxigeno Industrial | K42: M3 | L42: 0.06 | M42: 16193 | O42: =ROUND(L42*M42,0) -> 972
C43: Soldadura electrosoldada 6013 de 1/8" | K43: KG | L43: 0.1786 | M43: 21777 | O43: =ROUND(L43*M43,0) -> 3889
C44: Tubo cerramiento galvanizado Ø=2" e=1.5 mm | K44: ML | L44: 3.4 | M44: 22629 | O44: =ROUND(L44*M44,0) -> 76939
C45: SUBTOTAL $ | O45: =SUM(O38:O44) -> 93021
C46: III. TRANSPORTES
C49: MATERIAL | J49: VOL. o PESO | K49: DISTANCIA | L49: M3 o Ton/Km | M49: TARIFA | O49: Vr. UNITARIO
O50: =ROUND(L50*M50,0) -> 0
O51: =ROUND(L51*M51,0) -> 0
C52: SUBTOTAL $ | O52: =SUM(O50:O51) -> 0
C53: IV. MANO DE OBRA
C56: TRABAJADOR | J56: JORNAL | K56: PRESTACIONES | L56: JORNAL TOTAL | M56: RENDIMIENTO | O56: Vr. UNITARIO
C57: Cuadrilla HH (Metalicas) | J57: HR | L57: 78157 | M57: 2 | O57: =ROUND(L57*M57,0) -> 156314
O58: =ROUND(L58*M58,0) -> 0
O59: =ROUND(L59*M59,0) -> 0
O60: =ROUND(L60*M60,0) -> 0
C61: SUBTOTAL $ | O61: =SUM(O57:O60) -> 156314
C63: TOTAL COSTO DIRECTO $ | O63: =O33+O45+O52+O61 -> 286095
C64: V. COSTOS INDIRECTOS
C67: Descripción | L67: Porcentaje | M67: Valor Total
C68: ADMINISTRACION | L68: 0.28 | M68: =+O63 -> 286095 | O68: =ROUND(L68*M68,0) -> 80107
C69: IMPREVISTOS | L69: 0.01 | M69: =+O63 -> 286095 | O69: =L69*M69 -> 2860.95
C70: UTILIDAD | L70: 0.05 | M70: =+O63 -> 286095 | O70: =L70*M70 -> 14304.75
C71: SUBTOTAL $ | O71: =SUM(O68:O70) -> 97272.7
C73: Precio Unitario Total Aproximado al peso $ | O73: =O63+O71 -> 383367.7
D77: Firma | J77: Firma
D78: Nombre: | E78: FRANCISCO EFRAIN TUAY JARAMILLO | J78: Nombre: | K78: MONICA YULIETH RODRIGUEZ TORRES
D79: Profesional de Apoyo S.P.O.P | J79: Supervisor
J80: Secretaria de Planeación y Obras Públicas
C85: [La entidad podrá utilizar este formato para la presentación de los análisis de precios unitarios el contratista en la oportunidad prevista en el numeral 8.2. del Documento Base]
D88: ALCALDIA MUNICIPAL DE SABANALARGA
L89: VERSIÓN
D90: [NÚMERO DEL PROCESO]
L91: PÁGINA | M91: 1 | N91: DE | O91: 1
D93: ANALISIS DE PRECIOS UNITARIOS
L95: FECHA | M95: DD | N95: MM | O95: AA
C97: ITEMS DE LA PROPUESTA ECONÓMICA
C101: DATOS ESPECÍFICOS
C103: ITEM | D103: DESCRIPCIÓN | M103: UNIDAD | O103: CANTIDAD
C104: =+'PRESUPUESTO OFICIAL (Entidad)'!D59 -> 8.1 | D104: Tuberia metalica tipo conduit EMT 3/4" incluye accesorios de montaje y elementos de fijacion. Suministro e instalacion | M104: ML
C105: I. EQUIPO
C108: DESCRIPCIÓN | H108: MARCA | J108: TIPO | L108: TARIFA/HORA | M108: RENDIMIENTO | O108: Vr. UNITARIO
C109: Herramienta menor 10% M.O. FF | J109: HR | L109: 6395 | M109: 0.18 | O109: =ROUND(L109*M109,0) -> 1151
C110: Andamio tubular | J110: HR | L110: 248 | M110: 2 | O110: =ROUND(L110*M110,0) -> 496
O111: =ROUND(L111*M111,0) -> 0
C112: SUBTOTAL $ | O112: =SUM(O109:O111) -> 1647
C113: II. MATERIALES
C116: DESCRIPCIÓN | K116: UNIDAD | L116: CANTIDAD | M116: PRECIO UNIT. | O116: Vr. UNITARIO
C117: Tubo galvanizado 3/4" x 3 m EMT | K117: ML | L117: 0.33 | M117: 35503 | O117: =ROUND(L117*M117,0) -> 11716
C118: Union tipo EMT 3/4" | K118: UND | L118: 0.33 | M118: 857 | O118: =ROUND(L118*M118,0) -> 283
C119: Cinta bandit de 5/8"ith | K119: ML | L119: 0.6 | M119: 3632 | O119: =ROUND(L119*M119,0) -> 2179
C120: Hebilla para cinta bandit 5/8" | K120: UND | L120: 0.6 | M120: 809 | O120: =ROUND(L120*M120,0) -> 485
C121: SUBTOTAL $ | O121: =SUM(O117:O120) -> 14663
C122: III. TRANSPORTES
C125: MATERIAL | J125: VOL. o PESO | K125: DISTANCIA | L125: M3 o Ton/Km | M125: TARIFA | O125: Vr. UNITARIO
C126: Transporte de material-t | J126: TN | L126: 0.0025 | M126: =+'ANIDADOS AGUACLARA'!M198 -> 14017 | O126: =ROUND(L126*M126,0) -> 35
O127: =ROUND(L127*M127,0) -> 0
C128: SUBTOTAL $ | O128: =SUM(O126:O127) -> 35
C129: IV. MANO DE OBRA
C132: TRABAJADOR | J132: JORNAL | K132: PRESTACIONES | L132: JORNAL TOTAL | M132: RENDIMIENTO | O132: Vr. UNITARIO
C133: Cuadrilla FF (Eléctricas) | J133: HR | L133: 63953 | M133: 0.18 | O133: =ROUND(L133*M133,0) -> 11512
O134: =ROUND(L134*M134,0) -> 0
O135: =ROUND(L135*M135,0) -> 0
O136: =ROUND(L136*M136,0) -> 0
C137: SUBTOTAL $ | O137: =SUM(O133:O136) -> 11512
C139: TOTAL COSTO DIRECTO $ | O139: =O112+O121+O128+O137 -> 27857
C140: V. COSTOS INDIRECTOS
C143: Descripción | L143: Porcentaje | M143: Valor Total
C144: ADMINISTRACION | L144: 0.28 | M144: =+O139 -> 27857 | O144: =ROUND(L144*M144,0) -> 7800
C145: IMPREVISTOS | L145: 0.01 | M145: =+O139 -> 27857 | O145: =ROUND(L145*M145,0) -> 279
C146: UTILIDAD | L146: 0.05 | M146: =+O139 -> 27857 | O146: =ROUND(L146*M146,0) -> 1393
C147: SUBTOTAL $ | O147: =SUM(O144:O146) -> 9472
C149: Precio Unitario Total Aproximado al peso $ | O149: =O139+O147 -> 37329
D153: Firma | J153: Firma
D154: Nombre: | E154: FRANCISCO EFRAIN TUAY JARAMILLO | J154: Nombre: | K154: MONICA YULIETH RODRIGUEZ TORRES
...

Sheet MEMORIAS-3
D1: DEPARTAMENTO DE CASANARE
D3: MUNICIPIO DE SABANALARGA
D5: MEMORIAS DE CALCULO
A7: OBJETO: | D7: ADECUACIÓN DE ESCENARIOS DEPORTIVOS DEL CASCO URBANO Y CENTROS POBLADOS DEL MUNICIPIO DE SABANALARGA, DEPARTAMENTO DE CASANARE
A8: =+'PRESUPUESTO OFICIAL (Entidad)'!C55 -> 7. CARPINTERIA METÁLICA
A9: ITEM | B9: =+'PRESUPUESTO OFICIAL (Entidad)'!D56 -> 7.1 | C9: DESCRIPCIÓN | F9: =+'PRESUPUESTO OFICIAL (Entidad)'!G56 -> Baranda en tubo galvanizado de 2", cal 1.5 mm | I9: CANT. PROGRAMADA | J9: =L24 -> 6 | K9: UNIDAD | L9: =+'PRESUPUESTO OFICIAL (Entidad)'!H56 -> ML
A10: DIAGRAMA / ESQUEMA | F10: LOCALIZACION | G10: ANCHO | H10: LARGO | I10: ALTO | J10: AREA | K10: CANTIDAD | L10: TOTAL
F11: Baranda parte posterior de la cancha | H11: 3 | L11: =+H11 -> 3
F12: Baranda parte posterior de la cancha | H12: 3 | L12: =+H12 -> 3
L13: =+H13 -> 0
L14: =+H14 -> 0
L15: =+H15 -> 0
L16: =+H16 -> 0
L17: =+H17 -> 0
L18: =+H18 -> 0
L19: =+H19 -> 0
L20: =+H20 -> 0
L21: =+H21 -> 0
L22: =+H22 -> 0
L23: =+H23 -> 0
F24: TOTAL | L24: =SUM(L11:L23) -> 6
A26: NOTA:
A31: Elaboró:
B32: FRANCISCO EFRAIN TUAY JARAMILLO | H32: MONICA YULIETH RODRIGUEZ TORRES
B33: Profesional de Apoyo | H33: Secretaria de Planeacion y obras Publicas
B34: S.P.O.P | H34: Supervisor
D36: DEPARTAMENTO DE CASANARE
D38: MUNICIPIO DE SABANALARGA
D40: MEMORIAS DE CALCULO
A42: OBJETO: | D42: ADECUACIÓN DE ESCENARIOS DEPORTIVOS DEL CASCO URBANO Y CENTROS POBLADOS DEL MUNICIPIO DE SABANALARGA, DEPARTAMENTO DE CASANARE
A43: =+'PRESUPUESTO OFICIAL (Entidad)'!C58 -> 8.ILUMINACIÓN
A44: ITEM | B44: =+'PRESUPUESTO OFICIAL (Entidad)'!D59 -> 8.1 | C44: DESCRIPCIÓN | F44: =+'PRESUPUESTO OFICIAL (Entidad)'!G59 -> Tuberia metalica tipo conduit EMT 3/4" incluye accesorios de montaje y elementos de fijacion. Suministro e instalacion | I44: CANT. PROGRAMADA | J44: =L59 -> 88 | K44: UNIDAD | L44: =+'PRESUPUESTO OFICIAL (Entidad)'!H59 -> ML
A45: DIAGRAMA / ESQUEMA | F45: LOCALIZACION | G45: ANCHO | H45: LARGO | I45: ALTO | J45: AREA | K45: CANTIDAD | L45: TOTAL
F46: Tuberia adosada al techo 3/4" | H46: 88 | L46: =+H46 -> 88
L47: =+K47*J47 -> 0
L48: =+K48*J48 -> 0
L49: =+K49*J49 -> 0
L50: =+K50*J50 -> 0
L51: =+K51*J51 -> 0
L52: =+K52*J52 -> 0
L53: =+K53*J53 -> 0
L54: =+K54*J54 -> 0
L55: =+K55*J55 -> 0
L56: =+K56*J56 -> 0
L57: =+K57*J57 -> 0
L58: =+K58*J58 -> 0
F59: TOTAL | L59: =SUM(L46:L58) -> 88
A61: NOTA:
A66: Elaboró:
B67: FRANCISCO EFRAIN TUAY JARAMILLO | H67: MONICA YULIETH RODRIGUEZ TORRES
B68: Profesional de Apoyo | H68: Secretaria de Planeacion y obras Publicas
B69: S.P.O.P | H69: Supervisor
D71: DEPARTAMENTO DE CASANARE
D73: MUNICIPIO DE SABANALARGA
D75: MEMORIAS DE CALCULO
A77: OBJETO: | D77: ADECUACIÓN DE ESCENARIOS DEPORTIVOS DEL CASCO URBANO Y CENTROS POBLADOS DEL MUNICIPIO DE SABANALARGA, DEPARTAMENTO DE CASANARE
A79: ITEM | B79: =+'PRESUPUESTO OFICIAL (Entidad)'!D60 -> 8.2 | C79: DESCRIPCIÓN | F79: =+'PRESUPUESTO OFICIAL (Entidad)'!G60 -> Acometida en cable de cobre aislado m 29,766.00 2x8+1x10T AWG THHN/THWN-2 600 V 90°C. Suministro e instalacion | I79: CANT. PROGRAMADA | J79: =L94 -> 110 | K79: UNIDAD | L79: =+'PRESUPUESTO OFICIAL (Entidad)'!H60 -> ML
A80: DIAGRAMA / ESQUEMA | F80: LOCALIZACION | G80: ANCHO | H80: LARGO | I80: ALTO | J80: AREA | K80: CANTIDAD | L80: TOTAL
F81: Tuberia desde tablero electrico a techo | H81: 20 | L81: =+H81 -> 20
F82: Tuberia adosada al techo | H82: 90 | L82: =+H82 -> 90
L83: =+H83 -> 0
L84: =+H84 -> 0
L85: =+H85 -> 0
L86: =+H86 -> 0
L87: =+H87 -> 0
L88: =+H88 -> 0
L89: =+H89 -> 0
L90: =+H90 -> 0
L91: =+H91 -> 0
L92: =+H92 -> 0
L93: =+H93 -> 0
F94: TOTAL | L94: =SUM(L81:L93) -> 110
A96: NOTA:
A101: Elaboró:
B102: FRANCISCO EFRAIN TUAY JARAMILLO | H102: MONICA YULIETH RODRIGUEZ TORRES
B103: Profesional de Apoyo | H103: Secretaria de Planeacion y obras Publicas
B104: S.P.O.P | H104: Supervisor
D106: DEPARTAMENTO DE CASANARE
D108: MUNICIPIO DE SABANALARGA
D110: MEMORIAS DE CALCULO
A112: OBJETO: | D112: ADECUACIÓN DE ESCENARIOS DEPORTIVOS DEL CASCO URBANO Y CENTROS POBLADOS DEL MUNICIPIO DE SABANALARGA, DEPARTAMENTO DE CASANARE
A114: ITEM | B114: =+'PRESUPUESTO OFICIAL (Entidad)'!D61 -> 8.3 | C114: DESCRIPCIÓN | F114: =+'PRESUPUESTO OFICIAL (Entidad)'!G61 -> Coraza tipo americana Liquid Tight 3/4" - recubierta PVC | I114: CANT. PROGRAMADA | J114: =L129 -> 8 | K114: UNIDAD | L114: =+'PRESUPUESTO OFICIAL (Entidad)'!H61 -> ML
A115: DIAGRAMA / ESQUEMA | F115: LOCALIZACION | G115: ANCHO | H115: LARGO | I115: ALTO | J115: AREA | K115: CANTIDAD | L115: TOTAL
F116: Transicion entre ductos con curva dificil de figurar | K116: 8 | L116: =+K116 -> 8
L117: =+K117 -> 0
L118: =+K118 -> 0
L119: =+K119 -> 0
L120: =+K120 -> 0
L121: =+K121 -> 0
L122: =+K122 -> 0
L123: =+K123 -> 0
L124: =+K124 -> 0
L125: =+K125 -> 0
L126: =+K126 -> 0
L127: =+K127 -> 0
L128: =+K128 -> 0
F129: TOTAL | L129: =SUM(L116:L128) -> 8
A131: NOTA:
A136: Elaboró:
B137: FRANCISCO EFRAIN TUAY JARAMILLO | H137: MONICA YULIETH RODRIGUEZ TORRES
...

Sheet ANIDADOS EL SECRETO
A1: Formulario 1 - Propuesta económica - Documento tipo de selección abreviada de menor cuantía - versión 2
A2: Código | B2: CCE-EICP-FM-25 | C2: Versión | D2: 2
A3: [La entidad podrá utilizar este formato para la presentación de los análisis de precios unitarios el contratista en la oportunidad prevista en el numeral 8.1. del Documento Base]
B6: ALCALDIA MUNICIPAL DE SABANALARGA
J7: VERSIÓN
B8: [NÚMERO DEL PROCESO]
J9: PÁGINA | K9: 1 | L9: DE | M9: 1
B11: ANALISIS DE PRECIOS UNITARIOS
J13: FECHA | K13: DD | L13: MM | M13: AA
A15: ITEMS DE LA PROPUESTA ECONÓMICA
A19: DATOS ESPECÍFICOS
A21: ITEM | B21: DESCRIPCIÓN | K21: UNIDAD | M21: CANTIDAD
A22: ANA | B22: Transporte de material (triturado) - m³ | K22: M3
A23: I. EQUIPO
A26: DESCRIPCIÓN | F26: MARCA | H26: TIPO | J26: TARIFA/HORA | K26: RENDIMIENTO | M26: Vr. UNITARIO
M27: =J27*K27 -> 0
M28: =J28*K28 -> 0
M29: =J29*K29 -> 0
A30: SUBTOTAL $ | M30: =SUM(M27:M29) -> 0
A31: II. MATERIALES
A34: DESCRIPCIÓN | I34: UNIDAD | J34: CANTIDAD | K34: PRECIO UNIT. | M34: Vr. UNITARIO
M35: =J35*K35 -> 0
M36: =J36*K36 -> 0
M37: =J37*K37 -> 0
M38: =J38*K38 -> 0
A39: SUBTOTAL $ | M39: =SUM(M35:M38) -> 0
A40: III. TRANSPORTES
A43: MATERIAL | H43: VOL. o PESO | I43: DISTANCIA | J43: M3 o Ton/Km | K43: TARIFA | M43: Vr. UNITARIO
A44: Transporte por volumen en via (sin pavimentada) | J44: M3-KM | M44: =I44*K44 -> 0
A45: Transporte por volumen en via (pavimentada) | I45: 2.9 | J45: M3-KM | K45: 2110 | M45: =I45*K45 -> 6119
A46: Transporte por volumen en via (sin pav-montaña) | J46: M3-KM | M46: =I46*K46 -> 0
M47: =I47*K47 -> 0
A48: SUBTOTAL $ | M48: =SUM(M44:M47) -> 6119
A49: IV. MANO DE OBRA
A52: TRABAJADOR | H52: JORNAL | I52: PRESTACIONES | J52: JORNAL TOTAL | K52: RENDIMIENTO | M52: Vr. UNITARIO
M53: =J53*K53 -> 0
M54: =J54*K54 -> 0
M55: =J55*K55 -> 0
M56: =J56*K56 -> 0
A57: SUBTOTAL $ | M57: =SUM(M53:M56) -> 0
A59: TOTAL COSTO DIRECTO $ | M59: =ROUND(M30+M39+M48+M57,0) -> 6119
B62: Firma | H62: Firma
B63: Nombre: | C63: FRANCISCO EFRAIN TUAY JARAMILLO | H63: Nombre: | I63: MONICA YULIETH RODRIGUEZ TORRES
B64: Profesional de Apoyo S.P.O.P | H64: Secretaria de Planeación y Obras Públicas
A72: Formulario 1 - Propuesta económica - Documento tipo de selección abreviada de menor cuantía - versión 2
A73: Código | B73: CCE-EICP-FM-25 | C73: Versión | D73: 2
A74: [La entidad podrá utilizar este formato para la presentación de los análisis de precios unitarios el contratista en la oportunidad prevista en el numeral 8.1. del Documento Base]
B77: ALCALDIA MUNICIPAL DE SABANALARGA
J78: VERSIÓN
B79: [NÚMERO DEL PROCESO]
J80: PÁGINA | K80: 1 | L80: DE | M80: 1
B82: ANALISIS DE PRECIOS UNITARIOS
J84: FECHA | K84: DD | L84: MM | M84: AA
A86: ITEMS DE LA PROPUESTA ECONÓMICA
A90: DATOS ESPECÍFICOS
A92: ITEM | B92: DESCRIPCIÓN | K92: UNIDAD | M92: CANTIDAD
A93: ANA | B93: Transporte de materiales (arena, piedra, comun, tierra) - m³ | K93: M3
A94: I. EQUIPO
A97: DESCRIPCIÓN | F97: MARCA | H97: TIPO | J97: TARIFA/HORA | K97: RENDIMIENTO | M97: Vr. UNITARIO
M98: =J98*K98 -> 0
M99: =J99*K99 -> 0
M100: =J100*K100 -> 0
A101: SUBTOTAL $ | M101: =SUM(M98:M100) -> 0
A102: II. MATERIALES
A105: DESCRIPCIÓN | I105: UNIDAD | J105: CANTIDAD | K105: PRECIO UNIT. | M105: Vr. UNITARIO
M106: =J106*K106 -> 0
M107: =J107*K107 -> 0
M108: =J108*K108 -> 0
M109: =J109*K109 -> 0
A110: SUBTOTAL $ | M110: =SUM(M106:M109) -> 0
A111: III. TRANSPORTES
A114: MATERIAL | H114: VOL. o PESO | I114: DISTANCIA | J114: M3 o Ton/Km | K114: TARIFA | M114: Vr. UNITARIO
A115: Transporte por volumen en via (sin pavimentada) | J115: M3-KM | M115: =I115*K115 -> 0
A116: Transporte por volumen en via (pavimentada) | I116: 2.9 | J116: M3-KM | K116: 2110 | M116: =I116*K116 -> 6119
A117: Transporte por volumen en via (sin pav-montaña) | J117: M3-KM | M117: =I117*K117 -> 0
M118: =I118*K118 -> 0
A119: SUBTOTAL $ | M119: =SUM(M115:M118) -> 6119
A120: IV. MANO DE OBRA
A123: TRABAJADOR | H123: JORNAL | I123: PRESTACIONES | J123: JORNAL TOTAL | K123: RENDIMIENTO | M123: Vr. UNITARIO
M124: =J124*K124 -> 0
M125: =J125*K125 -> 0
M126: =J126*K126 -> 0
M127: =J127*K127 -> 0
A128: SUBTOTAL $ | M128: =SUM(M124:M127) -> 0
A130: TOTAL COSTO DIRECTO $ | M130: =ROUND(M101+M110+M119+M128,0) -> 6119
B133: Firma | H133: Firma
B134: Nombre: | C134: FRANCISCO EFRAIN TUAY JARAMILLO | H134: Nombre: | I134: MONICA YULIETH RODRIGUEZ TORRES
B135: Profesional de Apoyo S.P.O.P | H135: Secretaria de Planeación y Obras Públicas
A141: Código | B141: CCE-EICP-FM-25 | C141: Versión | D141: 2
A142: [La entidad podrá utilizar este formato para la presentación de los análisis de precios unitarios el contratista en la oportunidad prevista en el numeral 8.1. del Documento Base]
B145: ALCALDIA MUNICIPAL DE SABANALARGA
J146: VERSIÓN
B147: [NÚMERO DEL PROCESO]
J148: PÁGINA | K148: 1 | L148: DE | M148: 1
B150: ANALISIS DE PRECIOS UNITARIOS
J152: FECHA | K152: DD | L152: MM | M152: AA
A154: ITEMS DE LA PROPUESTA ECONÓMICA
A158: DATOS ESPECÍFICOS
A160: ITEM | B160: DESCRIPCIÓN | K160: UNIDAD | M160: CANTIDAD
A161: ANA | B161: transporte de materiales - t | K161: TN
...

Sheet ANIDADOS SABANALARGA 
A1: Formulario 1 - Propuesta económica - Documento tipo de selección abreviada de menor cuantía - versión 2
A2: Código | B2: CCE-EICP-FM-25 | C2: Versión | D2: 2
A3: [La entidad podrá utilizar este formato para la presentación de los análisis de precios unitarios el contratista en la oportunidad prevista en el numeral 8.1. del Documento Base]
B6: ALCALDIA MUNICIPAL DE SABANALARGA
J7: VERSIÓN
B8: [NÚMERO DEL PROCESO]
J9: PÁGINA | K9: 1 | L9: DE | M9: 1
B11: ANALISIS DE PRECIOS UNITARIOS
J13: FECHA | K13: DD | L13: MM | M13: AA
A15: ITEMS DE LA PROPUESTA ECONÓMICA
A19: DATOS ESPECÍFICOS
A21: ITEM | B21: DESCRIPCIÓN | K21: UNIDAD | M21: CANTIDAD
A22: ANA | B22: Transporte de material (triturado) - m³ | K22: M3
A23: I. EQUIPO
A26: DESCRIPCIÓN | F26: MARCA | H26: TIPO | J26: TARIFA/HORA | K26: RENDIMIENTO | M26: Vr. UNITARIO
M27: =J27*K27 -> 0
M28: =J28*K28 -> 0
M29: =J29*K29 -> 0
A30: SUBTOTAL $ | M30: =SUM(M27:M29) -> 0
A31: II. MATERIALES
A34: DESCRIPCIÓN | I34: UNIDAD | J34: CANTIDAD | K34: PRECIO UNIT. | M34: Vr. UNITARIO
M35: =J35*K35 -> 0
M36: =J36*K36 -> 0
M37: =J37*K37 -> 0
M38: =J38*K38 -> 0
A39: SUBTOTAL $ | M39: =SUM(M35:M38) -> 0
A40: III. TRANSPORTES
A43: MATERIAL | H43: VOL. o PESO | I43: DISTANCIA | J43: M3 o Ton/Km | K43: TARIFA | M43: Vr. UNITARIO
A44: Transporte por volumen en via (sin pavimentada) | J44: M3-KM | M44: =I44*K44 -> 0
A45: Transporte por volumen en via (pavimentada) | I45: 9.4 | J45: M3-KM | K45: 2110 | M45: =I45*K45 -> 19834
A46: Transporte por volumen en via (sin pav-montaña) | J46: M3-KM | M46: =I46*K46 -> 0
M47: =I47*K47 -> 0
A48: SUBTOTAL $ | M48: =SUM(M44:M47) -> 19834
A49: IV. MANO DE OBRA
A52: TRABAJADOR | H52: JORNAL | I52: PRESTACIONES | J52: JORNAL TOTAL | K52: RENDIMIENTO | M52: Vr. UNITARIO
M53: =J53*K53 -> 0
M54: =J54*K54 -> 0
M55: =J55*K55 -> 0
M56: =J56*K56 -> 0
A57: SUBTOTAL $ | M57: =SUM(M53:M56) -> 0
A59: TOTAL COSTO DIRECTO $ | M59: =ROUND(M30+M39+M48+M57,0) -> 19834
B62: Firma | H62: Firma
B63: Nombre: | C63: FRANCISCO EFRAIN TUAY JARAMILLO | H63: Nombre: | I63: MONICA YULIETH RODRIGUEZ TORRES
B64: Profesional de Apoyo S.P.O.P | H64: Secretaria de Planeación y Obras Públicas
A71: Formulario 1 - Propuesta económica - Documento tipo de selección abreviada de menor cuantía - versión 2
A72: Código | B72: CCE-EICP-FM-25 | C72: Versión | D72: 2
A73: [La entidad podrá utilizar este formato para la presentación de los análisis de precios unitarios el contratista en la oportunidad prevista en el numeral 8.1. del Documento Base]
B76: ALCALDIA MUNICIPAL DE SABANALARGA
J77: VERSIÓN
B78: [NÚMERO DEL PROCESO]
J79: PÁGINA | K79: 1 | L79: DE | M79: 1
B81: ANALISIS DE PRECIOS UNITARIOS
J83: FECHA | K83: DD | L83: MM | M83: AA
A85: ITEMS DE LA PROPUESTA ECONÓMICA
A89: DATOS ESPECÍFICOS
A91: ITEM | B91: DESCRIPCIÓN | K91: UNIDAD | M91: CANTIDAD
A92: ANA | B92: Transporte de materiales (arena, piedra, comun, tierra) - m³ | K92: M3
A93: I. EQUIPO
A96: DESCRIPCIÓN | F96: MARCA | H96: TIPO | J96: TARIFA/HORA | K96: RENDIMIENTO | M96: Vr. UNITARIO
M97: =J97*K97 -> 0
M98: =J98*K98 -> 0
M99: =J99*K99 -> 0
A100: SUBTOTAL $ | M100: =SUM(M97:M99) -> 0
A101: II. MATERIALES
A104: DESCRIPCIÓN | I104: UNIDAD | J104: CANTIDAD | K104: PRECIO UNIT. | M104: Vr. UNITARIO
M105: =J105*K105 -> 0
M106: =J106*K106 -> 0
M107: =J107*K107 -> 0
M108: =J108*K108 -> 0
A109: SUBTOTAL $ | M109: =SUM(M105:M108) -> 0
A110: III. TRANSPORTES
A113: MATERIAL | H113: VOL. o PESO | I113: DISTANCIA | J113: M3 o Ton/Km | K113: TARIFA | M113: Vr. UNITARIO
A114: Transporte por volumen en via (sin pavimentada) | J114: M3-KM | M114: =I114*K114 -> 0
A115: Transporte por volumen en via (pavimentada) | I115: 9.4 | J115: M3-KM | K115: 2110 | M115: =I115*K115 -> 19834
A116: Transporte por volumen en via (sin pav-montaña) | J116: M3-KM | M116: =I116*K116 -> 0
M117: =I117*K117 -> 0
A118: SUBTOTAL $ | M118: =SUM(M114:M117) -> 19834
A119: IV. MANO DE OBRA
A122: TRABAJADOR | H122: JORNAL | I122: PRESTACIONES | J122: JORNAL TOTAL | K122: RENDIMIENTO | M122: Vr. UNITARIO
M123: =J123*K123 -> 0
M124: =J124*K124 -> 0
M125: =J125*K125 -> 0
M126: =J126*K126 -> 0
A127: SUBTOTAL $ | M127: =SUM(M123:M126) -> 0
A129: TOTAL COSTO DIRECTO $ | M129: =ROUND(M100+M109+M118+M127,0) -> 19834
B132: Firma | H132: Firma
B133: Nombre: | C133: FRANCISCO EFRAIN TUAY JARAMILLO | H133: Nombre: | I133: MONICA YULIETH RODRIGUEZ TORRES
B134: Profesional de Apoyo S.P.O.P | H134: Secretaria de Planeación y Obras Públicas
A140: Formulario 1 - Propuesta económica - Documento tipo de selección abreviada de menor cuantía - versión 2
A141: Código | B141: CCE-EICP-FM-25 | C141: Versión | D141: 2
A142: [La entidad podrá utilizar este formato para la presentación de los análisis de precios unitarios el contratista en la oportunidad prevista en el numeral 8.1. del Documento Base]
B145: ALCALDIA MUNICIPAL DE SABANALARGA
J146: VERSIÓN
B147: [NÚMERO DEL PROCESO]
J148: PÁGINA | K148: 1 | L148: DE | M148: 1
B150: ANALISIS DE PRECIOS UNITARIOS
J152: FECHA | K152: DD | L152: MM | M152: AA
A154: ITEMS DE LA PROPUESTA ECONÓMICA
A158: DATOS ESPECÍFICOS
A160: ITEM | B160: DESCRIPCIÓN | K160: UNIDAD | M160: CANTIDAD
...

Sheet ANIDADOS AGUACLARA
A1: Formulario 1 - Propuesta económica - Documento tipo de selección abreviada de menor cuantía - versión 2
A2: Código | B2: CCE-EICP-FM-25 | C2: Versión | D2: 2
A3: [La entidad podrá utilizar este formato para la presentación de los análisis de precios unitarios el contratista en la oportunidad prevista en el numeral 8.1. del Documento Base]
B6: ALCALDIA MUNICIPAL DE SABANALARGA
J7: VERSIÓN
B8: [NÚMERO DEL PROCESO]
J9: PÁGINA | K9: 1 | L9: DE | M9: 1
B11: ANALISIS DE PRECIOS UNITARIOS
J13: FECHA | K13: DD | L13: MM | M13: AA
A15: ITEMS DE LA PROPUESTA ECONÓMICA
A19: DATOS ESPECÍFICOS
A21: ITEM | B21: DESCRIPCIÓN | K21: UNIDAD | M21: CANTIDAD
A22: ANA | B22: Transporte de material (triturado) - m³ | K22: M3
A23: I. EQUIPO
A26: DESCRIPCIÓN | F26: MARCA | H26: TIPO | J26: TARIFA/HORA | K26: RENDIMIENTO | M26: Vr. UNITARIO
M27: =J27*K27 -> 0
M28: =J28*K28 -> 0
M29: =J29*K29 -> 0
A30: SUBTOTAL $ | M30: =SUM(M27:M29) -> 0
A31: II. MATERIALES
A34: DESCRIPCIÓN | I34: UNIDAD | J34: CANTIDAD | K34: PRECIO UNIT. | M34: Vr. UNITARIO
M35: =J35*K35 -> 0
M36: =J36*K36 -> 0
M37: =J37*K37 -> 0
M38: =J38*K38 -> 0
A39: SUBTOTAL $ | M39: =SUM(M35:M38) -> 0
A40: III. TRANSPORTES
A43: MATERIAL | H43: VOL. o PESO | I43: DISTANCIA | J43: M3 o Ton/Km | K43: TARIFA | M43: Vr. UNITARIO
A44: Transporte por volumen en via (sin pavimentada) | J44: M3-KM | M44: =I44*K44 -> 0
A45: Transporte por volumen en via (pavimentada) | I45: 18.9 | J45: M3-KM | K45: 2110 | M45: =I45*K45 -> 39879
A46: Transporte por volumen en via (sin pav-montaña) | J46: M3-KM | M46: =I46*K46 -> 0
M47: =I47*K47 -> 0
A48: SUBTOTAL $ | M48: =SUM(M44:M47) -> 39879
A49: IV. MANO DE OBRA
A52: TRABAJADOR | H52: JORNAL | I52: PRESTACIONES | J52: JORNAL TOTAL | K52: RENDIMIENTO | M52: Vr. UNITARIO
M53: =J53*K53 -> 0
M54: =J54*K54 -> 0
M55: =J55*K55 -> 0
M56: =J56*K56 -> 0
A57: SUBTOTAL $ | M57: =SUM(M53:M56) -> 0
A59: TOTAL COSTO DIRECTO $ | M59: =ROUND(M30+M39+M48+M57,0) -> 39879
B62: Firma | H62: Firma
B63: Nombre: | C63: FRANCISCO EFRAIN TUAY JARAMILLO | H63: Nombre: | I63: MONICA YULIETH RODRIGUEZ TORRES
B64: Profesional de Apoyo S.P.O.P | H64: Secretaria de Planeación y Obras Públicas
A71: Formulario 1 - Propuesta económica - Documento tipo de selección abreviada de menor cuantía - versión 2
A72: Código | B72: CCE-EICP-FM-25 | C72: Versión | D72: 2
A73: [La entidad podrá utilizar este formato para la presentación de los análisis de precios unitarios el contratista en la oportunidad prevista en el numeral 8.1. del Documento Base]
B76: ALCALDIA MUNICIPAL DE SABANALARGA
J77: VERSIÓN
B78: [NÚMERO DEL PROCESO]
J79: PÁGINA | K79: 1 | L79: DE | M79: 1
B81: ANALISIS DE PRECIOS UNITARIOS
J83: FECHA | K83: DD | L83: MM | M83: AA
A85: ITEMS DE LA PROPUESTA ECONÓMICA
A89: DATOS ESPECÍFICOS
A91: ITEM | B91: DESCRIPCIÓN | K91: UNIDAD | M91: CANTIDAD
A92: ANA | B92: Transporte de materiales (arena, piedra, comun, tierra) - m³ | K92: M3
A93: I. EQUIPO
A96: DESCRIPCIÓN | F96: MARCA | H96: TIPO | J96: TARIFA/HORA | K96: RENDIMIENTO | M96: Vr. UNITARIO
M97: =J97*K97 -> 0
M98: =J98*K98 -> 0
M99: =J99*K99 -> 0
A100: SUBTOTAL $ | M100: =SUM(M97:M99) -> 0
A101: II. MATERIALES
A104: DESCRIPCIÓN | I104: UNIDAD | J104: CANTIDAD | K104: PRECIO UNIT. | M104: Vr. UNITARIO
M105: =J105*K105 -> 0
M106: =J106*K106 -> 0
M107: =J107*K107 -> 0
M108: =J108*K108 -> 0
A109: SUBTOTAL $ | M109: =SUM(M105:M108) -> 0
A110: III. TRANSPORTES
A113: MATERIAL | H113: VOL. o PESO | I113: DISTANCIA | J113: M3 o Ton/Km | K113: TARIFA | M113: Vr. UNITARIO
A114: Transporte por volumen en via (sin pavimentada) | J114: M3-KM | M114: =I114*K114 -> 0
A115: Transporte por volumen en via (pavimentada) | I115: 18.9 | J115: M3-KM | K115: 2110 | M115: =I115*K115 -> 39879
A116: Transporte por volumen en via (sin pav-montaña) | J116: M3-KM | M116: =I116*K116 -> 0
M117: =I117*K117 -> 0
A118: SUBTOTAL $ | M118: =SUM(M114:M117) -> 39879
A119: IV. MANO DE OBRA
A122: TRABAJADOR | H122: JORNAL | I122: PRESTACIONES | J122: JORNAL TOTAL | K122: RENDIMIENTO | M122: Vr. UNITARIO
M123: =J123*K123 -> 0
M124: =J124*K124 -> 0
M125: =J125*K125 -> 0
M126: =J126*K126 -> 0
A127: SUBTOTAL $ | M127: =SUM(M123:M126) -> 0
A129: TOTAL COSTO DIRECTO $ | M129: =ROUND(M100+M109+M118+M127,0) -> 39879
B132: Firma | H132: Firma
B133: Nombre: | C133: FRANCISCO EFRAIN TUAY JARAMILLO | H133: Nombre: | I133: MONICA YULIETH RODRIGUEZ TORRES
B134: Profesional de Apoyo S.P.O.P | H134: Secretaria de Planeación y Obras Públicas
A140: Formulario 1 - Propuesta económica - Documento tipo de selección abreviada de menor cuantía - versión 2
A141: Código | B141: CCE-EICP-FM-25 | C141: Versión | D141: 2
A142: [La entidad podrá utilizar este formato para la presentación de los análisis de precios unitarios el contratista en la oportunidad prevista en el numeral 8.1. del Documento Base]
B145: ALCALDIA MUNICIPAL DE SABANALARGA
J146: VERSIÓN
B147: [NÚMERO DEL PROCESO]
J148: PÁGINA | K148: 1 | L148: DE | M148: 1
B150: ANALISIS DE PRECIOS UNITARIOS
J152: FECHA | K152: DD | L152: MM | M152: AA
A154: ITEMS DE LA PROPUESTA ECONÓMICA
A158: DATOS ESPECÍFICOS
A160: ITEM | B160: DESCRIPCIÓN | K160: UNIDAD | M160: CANTIDAD
...

Sheet PROPUESTA ECONOMICA(Proponente)
B1: Formulario 1 - Propuesta económica - Documento tipo de selección abreviada de menor cuantía - versión 1
B2: Versión: 1 del 21 de agosto de 2025
C5: FORMULARIO 1
C6: PROPUESTA ECONOMICA
C7: [La entidad puede utilizar este formulario de presentación de propuesta económica de forma detallada, sin perjuicio que la entidad pueda modificarlo o establecer la presentación de la oferta económica con un formulario distinto al indicado.] [Los proponentes emplearán el formulario establecido por la entidad para determinar su propuesta económica conforme al Formulario 1 - Presupuesto Oficial publicado por la Entidad] [En caso de modificar el formulario, es importante tener en cuenta que no se deben incluir causales de rechazo, reglas o parámetros contrarios a los definidos en el documento base. Los términos del proceso solo se encuentran en el Documento Base, por lo que la Entidad no deberá incluir ningún tipo de notas que se configuren en reglas contrarias a las definidas en dicho documento, las notas únicamente pueden ser aclaratorias para efectos del diligenciamiento del formato]
C9: Cuando el proceso de contratación es estructurado por precios unitarios, la Entidad debe aplicar las notas 1, 2 y 3 del presente formato y las casillas de "Descripción", "Porcentaje" de la Administración, Imprevisto, Utilidad y total A.I.U. resaltadas en color amarillo.
C11: Nº | D11: ITEM DE PAGO | E11: ESPECIFICACIONES | G11: DESCRIPCION | H11: UND. | I11: CANTIDAD | J11: VALOR UNITARIO | K11: VALOR TOTAL
E12: GENERAL | F12: PARTICULAR
C15: Subtotal
C21: Subtotal
C31: Subtotal
C36: Subtotal
C39: Subtotal
C40: SUBTOTAL OBRAS
G45: SUBTOTAL OBRAS (INCLUYE IVA)
G49: VALOR TOTAL
C52: NOTA 1: Se debe tener en cuenta que el PRECIO UNITARIO incluye el valor de A.I.U. | H52: DESCRIPCION | K52: PORCENTAJE
C53: NOTA 2: Cuando la fracción decimal del peso sea igual o superior a 5 se aproximara por exceso al número entero siguiente del peso y cuando la fracción decimal del peso sea inferior a 5 se aproximará por defecto al número entero del peso. | H53: ADMINISTRACION | J53: A= | K53: [Ofrecimiento del Proponente]
C54: NOTA 3: El A.I.U y su discriminación deben estar en porcentaje (%). | H54: IMPREVISTO | J54: I= | K54: [Ofrecimiento del Proponente]
H55: UTILIDAD | J55: U= | K55: [Ofrecimiento del Proponente]
H56: TOTAL A.I.U | J56: A.I.U.= | K56: [Ofrecimiento del Proponente]
G59: Firma del Proponente o de su Representante Legal
